 Dungeon Crawl Stone Soup version 0.30-a0-779-g7971cf19c3 (webtiles) character file.

Game seed: 11490540119976891915

1347308 souper the Annihilator (level 27, -10/249 HPs)
             Began as a Demonspawn Hunter on Feb 17, 2023.
             Was the Champion of Vehumet.
             Hit by an iron giant thrown by iron giant (16 damage)
             ... on level 7 of a ziggurat on Feb 18, 2023.
             The game lasted 04:17:59 (112530 turns).

souper the Annihilator (Demonspawn Hunter)        Turns: 112530, Time: 04:18:00

Health: -10/249    AC: 37    Str: 24    XL:     27
Magic:  0/64       EV: 28    Int: 36    God:    Vehumet [******]
Gold:   15668      SH: 42    Dex: 21    Spells: 19/80 levels left

rFire   + + +      SeeInvis .    M - +3 Elemental Staff {rElec rF++ rC++ AC+5}
rCold   + + +      Faith    .    d - +18 shield of the Gong {Loud rN+ Will+ rCorr EV-5}
rNeg    + + +      Spirit   +    Y - +4 troll leather armour
rPois   ∞          Reflect  +    F - +3 hat of Pondering {ponderous, Will+ MP+10 Int+5}
rElec   +          Harm     .    (cloak unavailable)
rCorr   +          Rampage  .    J - +1 pair of gloves "Joeq Qokhla" {rC+}
Will    +++++                    Q - +2 pair of boots
Stlth   ++++                     D - amulet of Mierioxe {Reflect Regen+ Str+5 SH+5}
HPRegen 2.21/turn                A - ring "Kayw" {rF+ Str+6 Int+4}
MPRegen 0.78/turn                w - ring "Bivymum" {Will+ Str+2 Int+6}

@: lich-form, studying 7 skills, slow
A: draining attack, torment immunity, no potions, demonic guardian 3,
augmentation 3, magic shield, magic regeneration, magic link, sharp scales 3,
weakness stinger 3
}: 11/15 runes: barnacled, slimy, silver, golden, abyssal, demonic, glowing,
magical, fiery, dark, gossamer
a: End Transformation, Renounce Religion


You were on level 7 of a ziggurat.
You worshipped Vehumet.
Vehumet was exalted by your worship.
You were an undead lich.
You visited 13 branches of the dungeon, and saw 59 of its levels.
You visited Pandemonium 1 time, and saw 18 of its levels.
You visited the Abyss 2 times.
You visited 3 ziggurats (completing 2), and saw 61 of their levels.
You also visited: Trove, Ossuary, Wizlab and Desolation.

You collected 18233 gold pieces.
You spent 2565 gold pieces at shops.

Inventory:

Hand Weapons
 M - the +3 Elemental Staff (weapon) {rElec rF++ rC++ AC+5}
   (You found it on level 21 of a ziggurat)

   It enhances your fire, ice, earth and air magic.
   AC:        It affects your AC (+5).
   rF:        It greatly protects you from fire.
   rC:        It greatly protects you from cold.
   rElec:     It insulates you from electricity.
Missiles
 G - 8 throwing nets
Armour
 d - the +18 shield of the Gong (worn) {Loud rN+ Will+ rCorr EV-5}
   (You found it on level 27 of a ziggurat)

   Loud:      It is deafeningly noisy when blocking attacks.
   EV:        It affects your evasion (-5).
   rN:        It protects you from negative energy.
   rCorr:     It protects you from acid and corrosion.
   Will:      It increases your willpower.
 E - the +5 Storm Queen's Shield {shock, Fly rElec}
   (You found it on level 5 of a ziggurat)

   Shock:     When it blocks an attack, it may electrocute the attacker.
   This works even against foes who are a short distance away.
   rElec:     It insulates you from electricity.
   Fly:       It grants you flight.
 F - the +3 hat of Pondering (worn) {ponderous, Will+ MP+10 Int+5}
   (You found it on level 11 of a ziggurat)

   Int:       It affects your intelligence (+5).
   MP:        It affects your magic capacity (+10).
   Will:      It increases your willpower.
 J - the +1 pair of gloves "Joeq Qokhla" (worn) {rC+}
   (You acquired it on level 2 of the Tomb of the Ancients)

   rC:        It protects you from cold.
 Q - a +2 pair of boots (worn)
 Y - a +4 troll leather armour (worn)
Jewellery
 t - a ring of willpower
 u - the ring of Niruth {rN+ rCorr Slay+2 SInv Stlth+}
   (You found it on level 5 of the Vaults)

   [ring of resist corrosion]

   Slay:      It affects your accuracy & damage with ranged weapons and melee
   (+2).
   rN:        It protects you from negative energy.
   SInv:      It lets you see invisible.
   rCorr:     It protects you from acid and corrosion.
   Stlth:     It makes you more stealthy.
 w - the ring "Bivymum" (right hand) {Will+ Str+2 Int+6}
   (You acquired it in Pandemonium)

   [ring of intelligence]

   Str:       It affects your strength (+2).
   Int:       It affects your intelligence (+6).
   Will:      It increases your willpower.
 A - the ring "Kayw" (left hand) {rF+ Str+6 Int+4}
   (You found it on level 3 of the Elven Halls)

   [ring of strength]

   Str:       It affects your strength (+6).
   Int:       It affects your intelligence (+4).
   rF:        It protects you from fire.
 D - the amulet of Mierioxe (around neck) {Reflect Regen+ Str+5 SH+5}
   (You bought it in a shop on level 1 of the Vaults)

   [amulet of reflection]

   It reflects blocked missile attacks.
   Str:       It affects your strength (+5).
   Regen:     It increases your rate of health regeneration.
   SH:        It affects your SH (+5).
 W - the ring of the Seven Souls {+Blink rC+ Int+6 Stlth+}
   (You found it on level 26 of a ziggurat)

   [ring of intelligence]

   Int:       It affects your intelligence (+6).
   rC:        It protects you from cold.
   +Blink:    It lets you blink.
   Stlth:     It makes you more stealthy.
 Z - a ring of flight
Wands
 g - a wand of polymorph (45)
 j - a wand of light (61)
 B - a wand of paralysis (75)
 C - a wand of digging (26)
 P - a wand of roots (76)
Scrolls
 b - 40 scrolls of immolation
 n - 11 scrolls of fear
 q - 21 scrolls of blinking
 x - 66 scrolls of teleportation
 y - 46 scrolls of fog
 z - 35 scrolls of enchant weapon
 H - 6 scrolls of butterflies
 K - 25 scrolls of enchant armour
 L - 8 scrolls of brand weapon
 O - 23 scrolls of silence
 S - 26 scrolls of magic mapping
 V - 19 scrolls of amnesia
Potions
 a - 19 potions of heal wounds
 c - 2 potions of berserk rage
 e - 50 potions of curing
 f - 14 potions of might
 h - 21 potions of haste
 i - 9 potions of brilliance
 k - 15 potions of cancellation
 l - 2 potions of invisibility
 m - 16 potions of flight
 o - 13 potions of ambrosia
 p - 14 potions of lignification
 r - 24 potions of attraction
 s - 7 potions of magic
 v - 44 potions of mutation
 I - a potion of experience
 R - 4 potions of resistance
Miscellaneous
 T - a +2 figurine of a ziggurat


   Skills:
 O Level 27 Fighting
 - Level 12.0 Staves
 - Level 7.2 Ranged Weapons
 - Level 10.0 Throwing
 O Level 27 Armour
 O Level 27 Dodging
 + Level 9.0 Stealth
 O Level 27 Shields
 O Level 27 Spellcasting
 O Level 27 Conjurations
 O Level 27 Necromancy
 - Level 16.0 Transmutations
 - Level 18.0 Fire Magic
 - Level 18.0 Air Magic
 - Level 18.0 Earth Magic
 + Level 14.0 Evocations


You had 19 spell levels left.
You knew the following spells:

 Your Spells              Type           Power      Damage    Failure   Level
a - Borgnjor's Vile Clut  Necr/Erth      84%        N/A       0%          5
b - Lehudib's Crystal Sp  Conj/Erth      71%        10d16     1%          8
c - Chain Lightning       Conj/Air       71%        3d95      1%          9
d - Fire Storm            Conj/Fire      71%        8d18      1%          9
i - Ignition              Fire           66%        3d18      1%          8
k - Blink                 Tloc           96%        N/A       1%          2
m - Maxwell's Capacitive  Air            66%        ∞         1%          8
n - Necromutation         Tmut/Necr      70%        N/A       1%          8
p - Passage of Golubria   Tloc           48%        N/A       4%          4

Your spell library contained the following spells:

 Spells                   Type           Power      Damage    Failure   Level
 Shatter                  Erth           66%        3d49*     7%          9
 Beastly Appendage        Tmut           100%       N/A       0%          1
 Foxfire                  Conj/Fire      100%       2x1d9     0%          1
 Kiss of Death            Conj/Necr      100%       2d13      0%          1
 Magic Dart               Conj           100%       1d8       0%          1
 Necrotise                Necr           100%       1d9       0%          1
 Sandblast                Erth           100%       2d20      0%          1
 Shock                    Conj/Air       100%       1d9       0%          1
 Sting                    Tmut/Pois      100%       1d8       0%          1
 Cigotuvi's Dreadful Rot  Necr/Pois/Air  100%       N/A       0%          2
 Momentum Strike          Conj/Tloc      100%       3d10      0%          2
 Passwall                 Tmut/Erth      100%       N/A       0%          2
 Poisonous Vapours        Pois/Air       100%       N/A       0%          2
 Scorch                   Fire           100%       2d10      0%          2
 Searing Ray              Conj           100%       2d8       0%          2
 Static Discharge         Conj/Air       100%       2-7/arc   0%          2
 Sublimation of Blood     Necr           100%       N/A       0%          2
 Wereblood                Tmut           100%       N/A       0%          2
 Dazzling Flash           Conj/Hex       100%       N/A       0%          3
 Hailstorm                Conj/Ice       100%       3d20      0%          3
 Ignite Poison            Fire/Tmut/Pois 100%       N/A       0%          3
 Kindle Blastsparks       Fire/Tloc/Air  100%       2d18      0%          3
 Mephitic Cloud           Conj/Pois/Air  100%       N/A       0%          3
 Stone Arrow              Conj/Erth      100%       3d13      0%          3
 Swiftness                Air            100%       N/A       0%          3
 Vampiric Draining        Necr           100%       2d13      0%          3
 Airstrike                Air            66%        2d(10-26) 0%          4
 Anguish                  Hex/Necr       60%        N/A       0%          4
 Animate Dead             Necr           100%       N/A       0%          4
 Dispel Undead            Necr           100%       3d31      0%          4
 Flame Wave               Conj/Fire      100%       2d21      0%          4
 Fulminant Prism          Conj/Hex       49%        3d21      0%          4
 Iskenderun's Mystic Bla  Conj/Tloc      98%        2d19      0%          4
 Petrify                  Tmut/Erth      100%       N/A       0%          4
 Sticky Flame             Conj/Fire      100%       2d11      0%          4
 Agony                    Necr           100%       N/A       0%          5
 Arcjolt                  Conj/Air       71%        1d81      0%          5
 Blade Hands              Tmut           52%        N/A       0%          5
 Fireball                 Conj/Fire      71%        3d27      0%          5
 Irradiate                Conj/Tmut      58%        3d31      0%          5
 Iskenderun's Battlesphe  Conj           100%       2d15      0%          5
 Lee's Rapid Deconstruct  Erth           66%        3d30*     0%          5
 Lightning Bolt           Conj/Air       71%        1d96      0%          5
 Conjure Ball Lightning   Conj/Air       71%        3x3d26    0%          6
 Death Channel            Necr           76%        N/A       0%          6
 Iron Shot                Conj/Erth      71%        9d13      0%          6
 Starburst                Conj/Fire      71%        6d18      0%          6
 Orb of Destruction       Conj           63%        9d15      0%          7
 Apportation              Tloc           96%        N/A       1%          1
 Freeze                   Ice            100%       1d10      1%          1
 Slow                     Hex            100%       N/A       1%          1
 Summon Small Mammal      Summ           100%       N/A       1%          1
 Call Imp                 Summ           48%        N/A       1%          2
 Ensorcelled Hibernation  Hex/Ice        100%       N/A       1%          2
 Lesser Beckoning         Tloc           96%        N/A       1%          2
 Call Canine Familiar     Summ           48%        N/A       1%          3
 Confusing Touch          Hex            48%        N/A       1%          3
 Frozen Ramparts          Ice            100%       1d16      1%          3
 Gell's Gravitas          Tloc           48%        N/A       1%          3
 Inner Flame              Hex/Fire       100%       N/A       1%          3
 Ozocubu's Armour         Ice            64%        N/A       1%          3
 Portal Projectile        Hex/Tloc       96%        N/A       1%          3
 Spider Form              Tmut/Pois      82%        N/A       1%          3
 Summon Guardian Golem    Hex/Summ       48%        N/A       1%          3
 Teleport Other           Tloc           48%        N/A       1%          3
 Tukima's Dance           Hex            48%        N/A       1%          3
 Vhi's Electric Charge    Tloc/Air       100%       N/A       1%          3
 Animate Armour           Summ/Erth      100%       N/A       1%          4
 Ice Form                 Ice/Tmut       100%       N/A       1%          4
 Leda's Liquefaction      Hex/Erth       53%        N/A       1%          4
 Olgreb's Toxic Radiance  Pois           48%        N/A       1%          4
 Summon Lightning Spire   Summ/Air       100%       N/A       1%          4
 Alistair's Intoxication  Tmut/Pois      54%        N/A       1%          5
 Freezing Cloud           Conj/Ice/Air   75%        6-21      1%          5
 Silence                  Hex/Air        53%        N/A       1%          5
 Yara's Violent Unravell  Hex/Tmut       41%        3d16      1%          5
 Eringya's Noxious Bog    Tmut/Pois      41%        N/A       1%          6
 Simulacrum               Ice/Necr       72%        N/A       1%          6
 Statue Form              Tmut/Erth      86%        N/A       1%          6
 Dragon Form              Tmut           52%        N/A       1%          7
 Haunt                    Necr/Summ      60%        N/A       1%          7
 Spellforged Servitor     Conj/Summ      49%        N/A       1%          7
 Storm Form               Tmut/Air       65%        N/A       1%          7
 Borgnjor's Revivificati  Necr           76%        N/A       1%          8
 Infestation              Necr           76%        N/A       1%          8
 Death's Door             Necr           76%        N/A       1%          9
 Cause Fear               Hex            24%        N/A       4%          4
 Manifold Assault         Tloc           48%        N/A       4%          4
 Summon Ice Beast         Ice/Summ       64%        N/A       4%          4
 Metabolic Englaciation   Hex/Ice        32%        N/A       12%         5
 Summon Forest            Summ/Tloc      24%        N/A       12%         5
 Summon Mana Viper        Hex/Summ       48%        N/A       12%         5
 Dispersal                Tloc           24%        N/A       54%         6
 Summon Cactus Giant      Summ           24%        N/A       54%         6
 Ozocubu's Refrigeration  Ice            32%        4d14      63%         7
 Enfeeble                 Hex            24%        N/A       98%         7
 Malign Gateway           Summ/Tloc      24%        N/A       98%         7
 Monstrous Menagerie      Summ           24%        N/A       98%         7
 Summon Hydra             Summ           24%        N/A       98%         7
 Discord                  Hex            24%        N/A       100%        8
 Disjunction              Tloc           24%        N/A       100%        8
 Summon Horrible Things   Summ           24%        N/A       100%        8
 Dragon's Call            Summ           24%        N/A       100%        9
 Polar Vortex             Ice            32%        N/A       100%        9


Dungeon Overview and Level Annotations

Branches:
Dungeon (15/15)            Temple (1/1) D:5            Lair (5/5) D:9
 Shoals (4/4) Lair:3       Spider (4/4) Lair:3        Slime (5/5) Lair:4
    Orc (2/2) D:9             Elf (3/3) Orc:2        Vaults (5/5) D:14
  Crypt (3/3) Vaults:2       Tomb (3/3) Crypt:3      Depths (4/4) D:15
    Zot (5/5) Depths:4    Ossuary (visited)          WizLab (visited)
Desolation (visited)

Altars:
Ashenzari
Cheibriados
Dithmenos
Fedhas
Gozag
Hepliaklqana
Kikubaaqudgha
Makhleb
Nemelex Xobeh
Okawaru
Qazlal
Ru
Sif Muna
Trog
Uskayaw
Vehumet
Wu Jian
Xom
Yredelemnul
Jiyva

Shops:
D:2 *   Orc:2 (?((:   Elf:3 !   Shoals:3 ([*?   Vaults:1 =   Depths:1 :(*
Depths:2 ==:   Depths:4 (

Portals:
Hell: Depths:1 Depths:2 Depths:3 Depths:4
Abyss: Depths:1 Depths:2 Depths:3 Depths:4
Pandemonium: Depths:1 Depths:2


Innate Abilities, Weirdness & Mutations

You are an undead lich.
Your unarmed attacks are suffused with negative energy.
You are immune to unholy pain and torment.
Your necromantic spells are more powerful.
You cannot drink.
You are immune to poison.
A powerful demonic guardian rushes to your aid.
Your magical and physical power is greatly enhanced at high health.
When hurt, damage is shared between your health and your magic reserves.
You regenerate magic rapidly.
When low on magic, you restore magic in place of health.
You are completely covered in razor-sharp scales. (AC +3, Slay +3)
You have a sharp stinger which inflicts weakening toxins.


Message History

The tormentor misses your Executioner.
Your Executioner hits the tormentor.
Your Executioner hits the tormentor but does no damage.
Your Executioner barely misses the tormentor.
The Hell Sentinel gestures at you.
The sphere of damnation explodes!
The damnation engulfs your fire vortex!!
Your fire vortex dissipates!
The damnation engulfs you!!
* * * LOW HITPOINT WARNING * * *
The damnation engulfs your Executioner!!
The damnation engulfs your fire vortex!!!
Your fire vortex dissipates!
The iron dragon breathes metal splinters at you.
The spray of metal splinters hits the tormentor!!!
The tormentor dies!
The spray of metal splinters hits your Executioner!!
The spray of metal splinters misses you.
Casting: Necromutation (mildly dangerous; 1% risk of failure)
Confirm with . or Enter, or press ? or * to list all spells.
You don't have enough magic to cast this spell.
Your Executioner hits the iron dragon!
Your Executioner hits the iron dragon but does no damage. x2
Your Executioner hits the iron dragon!
Your Executioner hits the iron dragon. x2
The iron giant casts a spell at you. The iron shot hits you!!!
* * * LOW HITPOINT WARNING * * *
The iron giant throws the crystal echidna at you!
* * * LOW HITPOINT WARNING * * *
You block the crystal echidna's attack.
PTOANNNG!
Your Executioner hits the iron dragon but does no damage. x3
Blink to where?
Press: ? - help, Dir - move target
As you read the scroll of blinking, it crumbles to dust.
Your Executioner hits the iron dragon!
The iron dragon dies!
Vehumet accepts your kill.
Your Executioner hits the iron giant but does no damage. x3
The iron giant throws the iron giant at you!
You die...

▓▓▓▓▓▓▓▓▓▓▓
▓▓.........▓
▓▓L..........
▓▓.C......v..)
▓▓.....).°.C...
▓.∩...§...1†...
▓▓...r.).....).
▓▓........1...
▓▓...........
▓▓.........▓
▓▓▓▓▓▓▓▓▓▓▓


You could see 2 iron giants, a Hell Sentinel, a crystal echidna, a friendly
Executioner (summoned, fast) and a friendly fire vortex.

Vanquished Creatures
  Cerebov (Pan)
  the Royal Jelly (Slime:5)
  Lom Lobon (Pan)
  Gloorx Vloq (Pan)
  A seraph (Pan)
  Mnoleg (Pan)
  15 dread liches
  7 orbs of fire
  Mara (Vaults:5)
  25 pandemonium lords
  16 ancient liches
  Khufu (Tomb:3)
  8 juggernauts
  Mennas (Pan)
  60 royal mummies
  Sojobo (Vaults:2)
  Parghit (Zot:1)
  22 Killer Klowns
  5 shard shrikes
  Bai Suzhen (Vaults:2)
  Saint Roka (Orc:1)
  Xtahua (Vaults:4)
  A curse toe (Zot:3)
  27 caustic shrikes
  2 profane servitors (Zig:23)
  20 golden dragons
  8 bone dragons
  20 pearl dragons
  A mutant beast (WizLab)
  9 Tzitzimimeh
  17 Brimstone Fiends
  15 iron giants
  3 electric golems
  21 Hell Sentinels
  Jorgrun (Orc:1)
  7 hellephants
  22 tentacled monstrosities
  33 Ice Fiends
  Rupert (D:14)
  15 liches
  24 Orb Guardians (Zot:5)
  2 quicksilver dragons (shapeshifter)
  5 deep elf blademasters
  18 titans
  8 deep elf master archers
  7 quicksilver dragons
  Polyphemus (Shoals:4)
  8 tentacled starspawn
  57 acid blobs
  12 searing wretches (Zig:25)
  41 Executioners
  A sphinx (shapeshifter) (Zig:15)
  25 sphinxes
  12 death cobs
  Kirke (Spider:2)
  20 storm dragons
  A shadow dragon (shapeshifter) (Zig:8)
  A storm dragon (shapeshifter) (Zig:15)
  38 ancient champions
  13 tengu reavers
  Roxanne (D:15)
  15 draconian monks
  17 shadow dragons
  13 revenants
  A fenstrider witch (shapeshifter) (Zig:11)
  17 azure jellies
  Donald (Elf:3)
  22 demonspawn warmongers
  The ghost of Buakyke the Spry, an adept OpMo of Gozag (Shoals:2)
  24 nagarajas
  16 draconian knights
  An azure jelly (shapeshifter) (Zig:8)
  18 fire giants
  27 rockslimes
  31 quicksilver elementals
  23 frost giants
  14 vault wardens
  30 daevas
  8 emperor scorpions
  3 caustic shrike zombies
  11 deep elf sorcerers
  15 narguns (Zig:26)
  12 iron dragons
  23 ghost moths
  An imperial myrmidon (Desolation)
  8 broodmothers
  14 curse skulls
  4 spectral caustic shrikes (Depths:1)
  22 draconian annihilators
  48 cacodemons
  10 orc warlords
  9 draconian shifters
  15 draconian scorchers
  2 juggernaut zombies (Zig:24)
  35 angels
  66 balrugs
  4 ghouls
  27 quicksilver oozes
  4 caustic shrike skeletons
  6 deep elf elementalists
  25 demonspawn blood saints
  16 draconian stormcallers
  5 ironbound thunderhulks
  19 demonspawn corrupters
  22 reapers
  59 very ugly things
  16 ironbound preservers
  22 ophanim
  17 vampire knights
  22 green draconians
  4 juggernaut skeletons
  19 stone giants
  Nessos (D:12)
  2 eleionomae (shapeshifter)
  The ghost of patfeehan111222 the Bludgeoner, a journeyman MiBe of Trog (Lair:3)
  27 war gargoyles
  A rockslime zombie (Crypt:2)
  22 demonspawn black suns
  15 yellow draconians
  20 bennus
  21 black draconians
  2 dire elephants (shapeshifter) (Zig:11)
  8 deep elf demonologists
  21 purple draconians
  32 lorocyprocas
  17 dire elephants
  32 apis
  10 spark wasps
  3 halazid warlocks (Desolation)
  18 white draconians
  2 bunyips (Zig:18)
  11 wendigos (Zig:26)
  15 deep elf annihilators
  2 minotaurs (Shoals:4)
  21 red draconians
  A spark wasp (shapeshifter) (Zig:26)
  28 blizzard demons
  An acid blob zombie (Crypt:2)
  8 crystal guardians
  30 green deaths
  51 starcursed masses
  9 jiangshi
  A merfolk impaler (Shoals:4)
  14 eidola
  17 ettins
  43 mummy priests
  11 fire dragons
  15 yaktaur captains
  13 great orbs of eyes
  19 deep elf death magi
  15 deep elf high priests
  3 entropy weavers (shapeshifter)
  15 entropy weavers
  A quicksilver dragon skeleton (Pan)
  4 servants of whispers (Desolation)
  2 caustic shrike simulacra
  A great orb of eyes (shapeshifter) (Vaults:5)
  10 hydras
  10 ice dragons
  30 vault guards
  A spriggan zombie (Zig:24)
  7 catoblepae
  8 spriggan air magi
  7 ragged hierophants (Desolation)
  11 rakshasas
  9 peacekeepers
  33 salamander tyrants
  12 centaur warriors
  5 ironbound frosthearts
  12 ogre magi
  18 hell beasts
  5 jorogumos
  2 stokers (Zig:25)
  7 anacondas
  A boulder beetle (shapeshifter) (Vaults:5)
  4 death knights
  6 radroaches
  A merfolk aquamancer (Shoals:2)
  9 satyrs
  18 two-headed ogres
  43 dancing weapons
  A merfolk avatar (Shoals:4)
  109 death scarabs
  2 tengu warriors
  The ghost of pigah the Black Belt, a journeyman OpWn of Gozag (D:9)
  13 boulder beetles
  4 orc high priests
  10 deep troll shamans
  4 spriggan berserkers (Depths:2)
  10 death yaks
  3 hell hogs
  17 vampire magi
  11 deep troll earth magi
  A shock serpent (shapeshifter) (Zig:15)
  An Orb Guardian skeleton (Crypt:1)
  15 thrashing horrors
  6 naga warriors (Zig:21)
  12 shock serpents
  11 naga sharpshooters
  A spriggan (Depths:2)
  106 sun demons
  A titan zombie (Zig:24)
  48 soul eaters
  19 deep elf knights
  22 crystal echidnas
  3 titan skeletons
  Sonja (D:12)
  17 hell knights
  2 storm dragon zombies (Zig:24)
  2 sun moths (Spider:1)
  13 wretched stars
  2 fire crabs (shapeshifter) (WizLab)
  8 iron trolls
  2 salamander mystics (Zig:13)
  15 shadow wraiths
  38 sixfirhies
  43 deep trolls
  A golden dragon zombie (Zig:21)
  A spatial maelstrom (Zig:18)
  28 cherubim
  8 death drakes
  4 fire crabs (Zig:15)
  A death drake (shapeshifter) (Zig:15)
  16 orb spiders
  6 sea snakes
  31 shadow demons
  An iron troll (shapeshifter) (Zig:15)
  6 skysharks
  An orb spider (shapeshifter) (Zig:15)
  10 glowing orange brains
  26 skeletal warriors
  11 pharaoh ants
  An anaconda zombie (Crypt:3)
  3 swamp dragons (Zig:16)
  3 spriggan simulacra
  A deep troll (shapeshifter) (Elf:3)
  9 flayed ghosts
  A swamp dragon (shapeshifter) (Zig:26)
  3 bunyip skeletons
  2 golden dragon skeletons
  19 deep elf archers
  21 wizards
  3 naga ritualists
  8 necromancers
  A glowing orange brain (shapeshifter) (Zig:15)
  39 deep elf pyromancers
  26 ironbound convokers
  9 lindwurms
  6 orange crystal statues
  3 lindwurms (shapeshifter)
  8 obsidian statues
  20 harpies
  17 phantasmal warriors
  A tengu zombie (Zig:24)
  12 steelbarb worms
  A harpy (shapeshifter) (WizLab)
  5 mana vipers
  45 deep elf zephyrmancers
  A frost giant zombie (D:15)
  A goliath frog zombie (Crypt:1)
  44 ugly things
  A fenstrider witch simulacrum (Crypt:3)
  15 cyclopes
  18 orc knights
  A shadow dragon skeleton (Zig:21)
  4 iron dragon zombies
  27 oklob plants
  28 shining eyes
  3 mana vipers (shapeshifter)
  A salamander (shapeshifter) (Zig:26)
  9 orc sorcerers
  A shining eye (shapeshifter) (Zig:15)
  The ghost of sirJeffrey23 the Shield-Bearer, a novice FoFi of Hepliaklqana (D:5)
  2 wolf spiders (shapeshifter)
  5 fauns
  3 salamanders (Zig:21)
  8 manticores
  2 sphinx skeletons (Crypt:3)
  A draconian skeleton (Zot:4)
  25 wolf spiders
  A manticore (shapeshifter) (Zig:15)
  2 stone giant skeletons
  A will-o-the-wisp (Zig:18)
  11 elephants
  An iron dragon skeleton (Zig:24)
  12 guardian serpents
  2 worldbinders (Abyss:3)
  4 ice statues
  6 merfolk sirens
  3 titan simulacra
  2 guardian serpents (shapeshifter) (WizLab)
  13 apocalypse crabs
  2 water nymphs (shapeshifter)
  86 smoke demons
  41 moths of wrath
  44 black mambas
  Maurice (D:10)
  52 demonic crawlers
  8 water nymphs
  8 eyes of devastation
  An eleionoma skeleton (Crypt:2)
  3 centaur skeletons (Pan)
  17 naga magi
  A black mamba (shapeshifter) (WizLab)
  21 vault sentinels
  An eye of devastation (shapeshifter) (Zig:26)
  9 torpor snails
  A storm dragon simulacrum (Zig:19)
  14 cane toads
  4 rust devils
  44 orange demons
  A gargoyle (Zig:6)
  2 dire elephant skeletons
  A green draconian zombie (Zot:4)
  An unseen horror (Depths:4)
  28 hellions
  A bunyip simulacrum (Crypt:3)
  11 komodo dragons
  23 yaktaurs
  Maggie (D:8)
  A yaktaur (shapeshifter) (Vaults:5)
  7 ice devils
  A kobold demonologist (D:14)
  12 rime drakes
  24 freezing wraiths
  3 unseen horrors (shapeshifter) (WizLab)
  An alligator snapping turtle skeleton (Crypt:1)
  15 efreet
  A spectral water nymph (Shoals:2)
  83 guardian mummies
  12 red devils
  25 tormentors
  A purple draconian zombie (Crypt:1)
  2 harpy zombies
  A golden dragon simulacrum (Crypt:3)
  An anaconda simulacrum (Crypt:3)
  A tengu conjurer (Depths:1)
  14 merfolk
  10 meliai
  A queen bee (Lair:3)
  A silent spectre (Orc:1)
  A hydra zombie (Tomb:3)
  6 ancient zymes
  17 trolls
  7 polar bears
  4 harpy skeletons
  A hornet (shapeshifter) (WizLab)
  4 wind drakes (shapeshifter)
  41 hellwings
  A polar bear (shapeshifter) (WizLab)
  8 hornets
  A queen bee (shapeshifter) (WizLab)
  30 tarantellas
  A tengu simulacrum (Zig:19)
  Prince Ribbit (D:6)
  A hydra skeleton (Crypt:3)
  A blink frog (shapeshifter) (WizLab)
  7 snapping turtles
  41 saltlings (Desolation)
  A fire dragon zombie (Tomb:1)
  7 raiju
  A dream sheep (shapeshifter) (Zig:15)
  9 dream sheep
  3 iron dragon simulacra
  3 snapping turtles (shapeshifter)
  7 wind drakes
  4 spectral merfolk (Shoals:2)
  16 blink frogs
  37 flying skulls
  107 large abominations
  A centaur simulacrum (Crypt:3)
  22 jumping spiders
  24 culicivoras
  176 slime creatures
  A fire dragon skeleton (Pan)
  5 air elementals
  15 water elementals
  A spriggan (shapeshifter) (WizLab)
  A slime creature zombie (Crypt:2)
  6 wyverns
  13 wraiths
  Eustachio (D:5)
  19 small abominations
  89 yaks
  2 shadows
  10 fire elementals
  3 fire bats (Abyss:3)
  6 vampires
  A wyvern (shapeshifter) (WizLab)
  5 spriggan skeletons
  63 ynoxinuls
  2 hogs (Spider:2)
  2 dire elephant simulacra (Crypt:3)
  2 basilisks
  32 ushabtiu
  2 alligator snapping turtle simulacra (Crypt:3)
  A basilisk (shapeshifter) (WizLab)
  A yak (shapeshifter) (WizLab)
  24 humans
  2 golden eyes (shapeshifter)
  48 neqoxecs
  15 golden eyes
  53 chaos spawn
  2 humans (shapeshifter)
  44 redbacks
  A redback (shapeshifter) (WizLab)
  3 steam dragons
  5 vampire mosquitoes
  A tyrant leech zombie (Crypt:3)
  36 iron golems
  2 swamp worms (shapeshifter)
  13 nagas
  A harpy simulacrum (Crypt:3)
  A hydra simulacrum (Crypt:3)
  2 spectral snapping turtles (Shoals:2)
  A human zombie (Depths:2)
  11 wargs
  20 water moccasins
  A naga skeleton (Crypt:3)
  3 acid dragons
  A floating eye (shapeshifter) (Zig:9)
  5 hell hounds (Zig:15)
  3 tengu skeletons
  9 floating eyes
  2 faun skeletons (Crypt:3)
  6 ice beasts
  46 orc warriors
  2 glowing shapeshifter skeletons
  2 black bears (D:6)
  An ettin simulacrum (Crypt:3)
  10 swamp drakes
  3 sky beasts
  A swamp dragon zombie (Tomb:1)
  An ice dragon simulacrum (Crypt:3)
  A merfolk simulacrum (Shoals:2)
  A black mamba simulacrum (Crypt:3)
  An elephant zombie (Crypt:3)
  A satyr simulacrum (Shoals:2)
  29 ogres
  32 wolves
  16 centaurs
  A hog skeleton (Crypt:2)
  An elf zombie (Ossuary)
  2 kobold brigands
  Blork the orc (D:6)
  7 bullfrogs
  3 naga simulacra (Crypt:3)
  A glowing shapeshifter simulacrum (Zig:26)
  4 scorpions
  11 earth elementals
  A water nymph simulacrum (Shoals:2)
  8 wights
  11 killer bees
  2 electric eels
  7 howler monkeys
  A lava snake (D:7)
  5 crimson imps (Pan)
  2 quasits (Abyss:3)
  A jelly (D:6)
  17 orc priests
  4 gnoll boudas
  9 hounds
  4 iron imps
  Jessica (D:8)
  2 black bear skeletons
  3 iguanas
  16 orc wizards
  4 lightning spires (Zot:3)
  94 mummies
  A howler monkey zombie (Crypt:3)
  A howler monkey skeleton (Crypt:2)
  8 adders
  14 gnolls
  2 shadow imps
  6 white imps
  2 ufetubi
  3 adder zombies (Ossuary)
  3 worms
  3 dart slugs
  99 orcs
  8 ball pythons
  6 bats
  A bat skeleton (Crypt:2)
  5 endoplasms
  2 giant cockroaches
  5 goblins
  4 hobgoblins
  5 jackals
  4 quokkas
  A ball python zombie (Crypt:1)
  A frilled lizard (D:1)
  5 goblin zombies (Ossuary)
  2 hobgoblin zombies (Ossuary)
  16 kobolds
  A kobold skeleton (Crypt:3)
  3 kobold zombies (Ossuary)
  2 quokka zombies (Ossuary)
  9 rats
  A rat skeleton (Crypt:1)
  2 rat zombies (Ossuary)
  3 ball lightnings (Pan)
  2 plants (Depths:4)
  4 starspawn tentacles
6118 creatures vanquished.

Vanquished Creatures (collateral kills)
  A dread lich (Zig:25)
  An ancient lich (Zig:26)
  3 royal mummies
  A Killer Klown (Zot:5)
  2 caustic shrikes (Zig:25)
  A pearl dragon (Zig:17)
  3 Tzitzimimeh (Zig:27)
  An Ice Fiend (Zig:27)
  An iron giant (Zig:6)
  A Hell Sentinel (Zig:25)
  An Orb Guardian (Zot:5)
  A searing wretch (Zig:25)
  2 titans (Zig:26)
  2 acid blobs (Zig:23)
  A sphinx (Zig:9)
  2 Executioners (Pan)
  A shadow dragon (Vaults:5)
  2 rockslimes
  A balrug (Zig:25)
  A draconian knight (Zig:20)
  A draconian scorcher (Zig:20)
  An iron dragon (Zig:7)
  2 cacodemons
  2 ironbound preservers
  2 reapers
  A caustic shrike skeleton (Crypt:1)
  2 ophanim
  A green draconian (Depths:3)
  A broodmother (Spider:4)
  A vampire knight (Zig:17)
  3 black draconians
  A stone giant (Zig:20)
  A demonspawn black sun (Pan)
  A lorocyproca (Pan)
  3 red draconians
  A yellow draconian (Zot:2)
  2 purple draconians
  A spark wasp (Depths:2)
  A merfolk javelineer (Shoals:2)
  Josephine (Orc:2)
  A merfolk aquamancer (Shoals:4)
  4 death scarabs
  A dancing weapon (Elf:2)
  2 orc high priests (Zig:20)
  2 deep elf knights (Elf:2)
  An emperor scorpion zombie (Crypt:2)
  2 sun demons (Pan)
  A shadow wraith (Crypt:3)
  An iron troll (Depths:4)
  A sun moth (Spider:4)
  2 wretched stars (Zig:18)
  An orb spider (Spider:3)
  An ironbound convoker (Vaults:5)
  A deep elf pyromancer (Elf:2)
  A deep elf zephyrmancer (Zig:18)
  A wolf spider (Spider:4)
  A manticore (Shoals:4)
  5 large abominations (Pan)
  An iron dragon skeleton (Zig:24)
  A demonic crawler (Zig:24)
  Joseph (Lair:1)
  2 hellions
  A hellwing (Pan)
  A merfolk (Shoals:2)
  2 jumping spiders
  A flying skull (Zig:21)
  A culicivora (Spider:3)
  2 slime creatures
  A yak (D:4)
  2 ynoxinuls (Pan)
  2 water elementals
  2 wraiths
  A golden eye (Zig:23)
  3 chaos spawn (Pan)
  4 neqoxecs (Pan)
  A small abomination (Depths:4)
  A harpy simulacrum (Crypt:3)
  A warg (Zig:7)
  A swamp worm (shapeshifter) (Vaults:5)
  2 ice beasts (Zig:19)
  An orc warrior (Orc:1)
  An ogre (Zig:20)
  A killer bee (D:7)
  An orc priest (Vaults:5)
  2 orc wizards
  29 mummies
  3 orcs
159 creatures vanquished.

Vanquished Creatures (others)
  An eldritch tentacle (Pan)
  A demonspawn warmonger (Zig:27)
  A cacodemon (Zig:27)
  A deep elf demonologist (Zig:18)
  A deep elf knight (Elf:1)
  An orange demon (Pan)
  A smoke demon (Pan)
  A tormentor (Zig:7)
  A ynoxinul (Zig:27)
  A human (Spider:2)
  An orc priest (Orc:2)
  3 ball lightnings (Pan)
  2 demonic plants (Abyss:3)
  2323 fire vortices
  18 fungi
  70 plants
  8 starspawn tentacles
  A withered plant (D:15)
2436 creatures vanquished.

Grand Total: 8713 creatures vanquished

Notes
Turn   | Place    | Note
-------+----------+-------------------------------------------
     0 | D:1      | souper the Demonspawn Hunter began the quest for the Orb.
     0 | D:1      | Reached XP level 1. HP: 16/16 MP: 1/1
   254 | D:1      | Gained mutation: You have a small tail. [demonic ancestry]
   254 | D:1      | Reached XP level 2. HP: 22/22 MP: 2/2
   484 | D:1      | Found a faded altar of an unknown god.
   679 | D:2      | Found Fogemn's Assorted Antiques.
   758 | D:2      | Gained mutation: You regenerate magic rapidly. [demonic
                  | ancestry]
   758 | D:2      | Reached XP level 3. HP: 28/28 MP: 3/3
  1271 | D:3      | Gained mutation: You have a tail ending in a sharp stinger.
                  | [demonic ancestry]
  1271 | D:3      | Reached XP level 4. HP: 35/35 MP: 4/4
  1826 | D:4      | Gained mutation: You are partially covered in razor-sharp
                  | scales. (AC +1, Slay +1) [demonic ancestry]
  1826 | D:4      | Reached XP level 5. HP: 30/41 MP: 5/5
  1904 | D:4      | Found an opulent altar of Gozag.
  2081 | D:4      | Found a bloodstained altar of Trog.
  2225 | D:4      | Noticed an ogre
  2612 | D:4      | Killed an ogre
  2613 | D:4      | Gained mutation: A weak demonic guardian rushes to your
                  | aid. [demonic ancestry]
  2613 | D:4      | Reached XP level 6. HP: 48/48 MP: 6/6
  2695 | D:4      | Found a stormy altar of Qazlal.
  2871 | D:5      | Entered Level 5 of the Dungeon
  2922 | D:5      | Reached skill level 5 in Ranged Weapons
  3256 | D:5      | Found a runed translucent door.
  3259 | D:5      | Noticed sirJeffrey23's ghost (novice FoFi)
  3427 | D:5      | Gained mutation: You have a sharp stinger which inflicts
                  | weakening toxins. [demonic ancestry]
  3427 | D:5      | Reached XP level 7. HP: 53/55 MP: 7/7
  3759 | D:5      | Found a staircase to the Ecumenical Temple.
  3843 | D:5      | Noticed Eustachio
  3875 | D:5      | Killed Eustachio
  3876 | D:5      | Reached skill level 5 in Fighting
  4099 | Temple   | Entered the Ecumenical Temple
  4308 | Temple   | Became a worshipper of Vehumet
  4745 | D:6      | Reached skill level 5 in Dodging
  4814 | D:6      | Identified the +1 leather armour of Activism {rF+ rN+}
  4832 | D:6      | Found a sand-covered staircase.
  4842 | Ossuary  | Entered an ossuary
  5005 | Ossuary  | Reached XP level 8. HP: 53/64 MP: 8/8
  5083 | Ossuary  | Reached * piety under Vehumet
  5083 | Ossuary  | Offered knowledge of Kiss of Death by Vehumet.
  5405 | D:6      | Noticed Blork the orc
  5408 | D:6      | Killed Blork the orc
  6684 | D:6      | Reached skill level 1 in Spellcasting
  6684 | D:6      | Reached skill level 1 in Earth Magic
  6684 | D:6      | Reached XP level 9. HP: 35/72 MP: 8/10
  6991 | D:6      | Noticed Prince Ribbit
  7002 | D:6      | Killed Prince Ribbit
  7002 | D:6      | Reached ** piety under Vehumet
  7002 | D:6      | Offered knowledge of Sandblast by Vehumet.
  7682 | D:5      | Found a staircase to the Ecumenical Temple.
  8920 | D:7      | Reached skill level 5 in Spellcasting
  8920 | D:7      | Reached skill level 5 in Earth Magic
  9244 | D:7      | Gained mutation: You are mostly covered in razor-sharp
                  | scales. (AC +2, Slay +2) [demonic ancestry]
  9244 | D:7      | Reached XP level 10. HP: 79/79 MP: 17/17
  9355 | D:7      | Learned a level 1 spell: Sandblast
  9571 | D:8      | Noticed Jessica
  9868 | D:8      | Noticed Maggie
  9926 | D:8      | Identified the +0 chain mail "Newaroz" {rElec rC+ Will+
                  | Regen+}
 10299 | D:8      | Offered knowledge of Scorch by Vehumet.
 10325 | D:8      | Learned a level 5 spell: Lee's Rapid Deconstruction
 10449 | D:8      | Found a hide-covered altar of Uskayaw.
 10471 | D:8      | Killed Maggie
 10544 | D:8      | Reached *** piety under Vehumet
 10552 | D:8      | Killed Jessica
 10955 | D:8      | Offered knowledge of Hailstorm by Vehumet.
 11427 | D:9      | Found a shimmering blue altar of Sif Muna.
 11427 | D:9      | Found a snail-covered altar of Cheibriados.
 11454 | D:9      | Found an ornate altar of the Wu Jian Council.
 11612 | D:9      | Gained mutation: Your magical and physical power is
                  | slightly enhanced at high health. [demonic ancestry]
 11612 | D:9      | Reached XP level 11. HP: 40/84 MP: 11/23
 11848 | D:9      | Found an ancient bone altar of Kikubaaqudgha.
 11853 | D:9      | Found a sacrificial altar of Ru.
 11870 | D:9      | Found a staircase to the Orcish Mines.
 11879 | D:9      | Reached **** piety under Vehumet
 11911 | D:9      | Found a transporter.
 11912 | D:9      | Found a transporter.
 11912 | D:9      | Noticed pigah's ghost (journeyman OpWn)
 11912 | D:9      | Noticed a two-headed ogre
 11913 | D:9      | Noticed a two-headed ogre
 11914 | D:9      | Identified the +5 great mace of the Thieving Lamprey {elec,
                  | Str+3}
 11914 | D:9      | Noticed a two-headed ogre
 11915 | D:9      | Noticed a two-headed ogre
 12535 | D:9      | Found a staircase to the Lair.
 12649 | Lair:1   | Entered Level 1 of the Lair of Beasts
 12733 | D:10     | Entered Level 10 of the Dungeon
 12841 | D:10     | Offered knowledge of Ignite Poison by Vehumet.
 13097 | D:10     | Identified the +0 leather armour of the Raven {Stlth+}
 13516 | D:10     | Noticed Maurice
 13520 | D:10     | Killed Maurice
 13739 | D:11     | Noticed a two-headed ogre
 13743 | D:11     | Killed a two-headed ogre
 14229 | D:11     | Noticed a two-headed ogre
 14232 | D:11     | Killed a two-headed ogre
 14396 | D:11     | You fall into a shaft and drop 1 floor!
 14575 | D:11     | Identified the +0 helmet of the Sneaky Scars {+Blink Int+7}
 14863 | Lair:1   | Reached skill level 10 in Spellcasting
 14863 | Lair:1   | Reached skill level 10 in Earth Magic
 14872 | Lair:1   | Reached skill level 1 in Evocations
 14886 | Lair:1   | Noticed a six-headed hydra
 15153 | Orc:1    | Entered Level 1 of the Orcish Mines
 15306 | D:9      | Reached ***** piety under Vehumet
 15306 | D:9      | Offered knowledge of Olgreb's Toxic Radiance by Vehumet.
 15307 | D:9      | Gained mutation: A demonic guardian rushes to your aid.
                  | [demonic ancestry]
 15307 | D:9      | Reached XP level 12. HP: 58/91 MP: 17/26
 15597 | D:12     | Noticed a two-headed ogre
 15602 | D:12     | Killed a two-headed ogre
 15741 | D:12     | Noticed Sonja
 15742 | D:12     | Killed Sonja
 15872 | D:12     | Noticed Nessos
 16070 | D:12     | Identified the +1 robe of Ojicasm {rElec rN+ Dex-2
                  | Archmagi}
 16569 | D:12     | Killed Nessos
 16683 | D:12     | Reached skill level 5 in Evocations
 17526 | D:9      | Found an ornate altar of the Wu Jian Council.
 17543 | D:9      | Killed a six-headed hydra
 17625 | D:9      | Found a transporter.
 17626 | D:9      | Found a transporter.
 17656 | D:9      | Found a staircase to the Orcish Mines.
 17686 | D:9      | Found an ancient bone altar of Kikubaaqudgha.
 17700 | D:9      | Found a sacrificial altar of Ru.
 18045 | D:9      | Found a staircase to the Lair.
 18466 | Lair:1   | Reached skill level 1 in Conjurations
 18483 | Lair:1   | Noticed Joseph
 18494 | Lair:1   | Killed Joseph
 18922 | Lair:1   | Gained mutation: When hurt, damage is shared between your
                  | health and your magic reserves. [demonic ancestry]
 18922 | Lair:1   | Reached XP level 13. HP: 92/96 MP: 28/28
 20289 | Lair:3   | Reached skill level 5 in Conjurations
 20528 | Lair:3   | Found a transporter.
 20528 | Lair:3   | Found a transporter.
 20532 | Lair:3   | Noticed patfeehan111222's ghost (journeyman MiBe)
 20660 | Lair:3   | Found a hole to the Spider Nest.
 21293 | Lair:4   | Found a staircase to the Slime Pits.
 21293 | Lair:4   | Found a viscous altar of Jiyva.
 21514 | Lair:4   | Offered knowledge of Orb of Destruction by Vehumet.
 21523 | Lair:4   | Learned a level 7 spell: Orb of Destruction
 21877 | Lair:4   | Learned a level 5 spell: Borgnjor's Vile Clutch
 22135 | Lair:5   | Entered Level 5 of the Lair of Beasts
 22138 | Lair:5   | Reached skill level 10 in Evocations
 22242 | Lair:4   | Reached skill level 1 in Necromancy
 23294 | Lair:4   | Found a viscous altar of Jiyva.
 23294 | Lair:4   | Found a staircase to the Slime Pits.
 23878 | Lair:5   | Reached skill level 5 in Necromancy
 23998 | Lair:5   | Gained mutation: A powerful demonic guardian rushes to your
                  | aid. [demonic ancestry]
 23998 | Lair:5   | Reached XP level 14. HP: 79/103 MP: 22/29
 24131 | Lair:5   | Identified the +3 quarterstaff "Gaonurgh" {elec, rF+ rC+
                  | Stlth+}
 24664 | Lair:5   | Offered knowledge of Yara's Violent Unravelling by Vehumet.
 25126 | Lair:5   | Reached skill level 10 in Necromancy
 25381 | Lair:5   | Learned a level 2 spell: Blink
 26066 | Orc:1    | You fall into a shaft and drop 1 floor!
 26066 | Orc:2    | Entered Level 2 of the Orcish Mines
 26068 | Orc:2    | Noticed Jorgrun
 26078 | Orc:2    | Noticed Josephine
 26084 | Orc:2    | Killed Josephine
 26294 | Orc:1    | Found a transporter.
 26461 | Orc:1    | Noticed a stone giant
 26464 | Orc:1    | Found the +8 orange crystal plate armour {Archmagi, Int+3
                  | Clar}
 26465 | Orc:1    | Found a bloodstained altar of Trog.
 26465 | Orc:1    | Found the necklace of Bloodlust {Fury *Rage Will++ Int-3
                  | Slay+6}
 26499 | Orc:2    | Noticed Saint Roka
 27039 | Orc:1    | Killed Jorgrun
 27436 | Orc:2    | Found Teiqak's Antique Weapon Boutique.
 27598 | Orc:2    | Found Egaism's Magic Scroll Emporium.
 27671 | Orc:2    | Reached XP level 15. HP: 112/112 MP: 8/30
 27708 | Orc:2    | Offered knowledge of Irradiate by Vehumet.
 27964 | Orc:2    | Found Baxopaze's Antique Weapon Shop.
 27979 | Orc:2    | Found Qoleriy's Antique Weapon Shoppe.
 28029 | Orc:2    | Found a staircase to the Elven Halls.
 28055 | Orc:2    | Found Yrcheczal's Book Emporium.
 28066 | Orc:2    | Bought a book of Iron for 360 gold pieces
 28066 | Orc:2    | Bought the Folio of Vicissitude and the Cumulonimbus for
                  | 400 gold pieces
 28066 | Orc:2    | Bought an Everburning Encyclopedia for 360 gold pieces
 28066 | Orc:2    | Bought a book of the Moon for 400 gold pieces
 28073 | Orc:2    | Learned a level 6 spell: Iron Shot
 28078 | Orc:2    | Learned a level 4 spell: Passage of Golubria
 28089 | Orc:2    | Learned a level 8 spell: Ignition
 28362 | Orc:1    | Killed Saint Roka
 28452 | Orc:1    | Found a transporter.
 29733 | D:14     | Found a gate to the Vaults.
 29778 | D:14     | Reached skill level 10 in Conjurations
 29930 | D:14     | Noticed Rupert
 29934 | D:14     | Killed Rupert
 30527 | D:15     | Entered Level 15 of the Dungeon
 30540 | D:15     | Reached skill level 10 in Fighting
 30797 | D:15     | Found a staircase to the Depths.
 31278 | D:15     | Identified Roxanne's Essays on Changes
 31278 | D:15     | Noticed Roxanne
 31285 | D:15     | Killed Roxanne
 31900 | D:15     | Identified the +0 leather armour "Hiqesups" {rC- rN+ Str+3
                  | Int+3}
 32159 | Spider:1 | Entered Level 1 of the Spider Nest
 32475 | Spider:1 | Reached XP level 16. HP: 124/124 MP: 26/31
 32519 | Spider:1 | Reached skill level 10 in Dodging
 32553 | Spider:1 | Reached ****** piety under Vehumet
 32652 | Spider:1 | Offered knowledge of Arcjolt by Vehumet.
 33752 | Spider:2 | Reached skill level 1 in Fire Magic
 34459 | Spider:2 | Noticed Kirke
 34462 | Spider:2 | Killed Kirke
 35509 | Spider:3 | Reached skill level 5 in Fire Magic
 36451 | Spider:4 | Entered Level 4 of the Spider Nest
 36676 | Spider:3 | Offered knowledge of Ozocubu's Refrigeration by Vehumet.
 39409 | Spider:4 | Reached skill level 10 in Fire Magic
 39409 | Spider:4 | Gained mutation: You are completely covered in razor-sharp
                  | scales. (AC +3, Slay +3) [demonic ancestry]
 39409 | Spider:4 | Reached XP level 17. HP: 110/131 MP: 17/32
 39806 | Spider:4 | Got a gossamer rune of Zot
 39978 | Shoals:1 | Entered Level 1 of the Shoals
 40021 | Shoals:1 | Offered knowledge of Spellforged Servitor by Vehumet.
 40461 | Shoals:1 | Found the ring of the Hare {EV+10}
 40926 | Shoals:2 | Found a runed translucent gate.
 40940 | Shoals:2 | Found a runed translucent gate.
 40940 | Shoals:2 | Found a runed translucent gate.
 40941 | Shoals:2 | Noticed Buakyke's ghost (adept OpMo)
 41877 | Shoals:3 | Found Xoleof's Antique Weapon Shop.
 41906 | Shoals:3 | Learned a level 5 spell: Fireball
 42034 | Shoals:3 | Found Goacvef's Armour Shop.
 42124 | Shoals:3 | Found Cinusish's Assorted Antiques.
 42125 | Shoals:3 | Found Lojuto's Magic Scroll Shoppe.
 42336 | Shoals:4 | Entered Level 4 of the Shoals
 42443 | Shoals:4 | Got Sif Muna's Parchment of Helpful Jinxing
 42482 | Shoals:4 | Noticed Polyphemus
 42496 | Shoals:4 | Killed Polyphemus
 43749 | Shoals:4 | Got a barnacled rune of Zot
 44098 | Vaults:1 | Entered Level 1 of the Vaults
 44249 | Vaults:1 | Reached XP level 18. HP: 131/138 MP: 22/33
 45087 | Vaults:1 | Found Bodaic's Jewellery Shop.
 45092 | Vaults:1 | Bought the amulet of Mierioxe {Reflect Regen+ Str+5 SH+5}
                  | for 1045 gold pieces
 45158 | Vaults:1 | Offered knowledge of Fire Storm by Vehumet.
 45158 | Vaults:1 | Offered knowledge of Shatter by Vehumet.
 45158 | Vaults:1 | Offered knowledge of Maxwell's Capacitive Coupling by
                  | Vehumet.
 45171 | Vaults:1 | Learned a level 9 spell: Fire Storm
 46398 | Vaults:1 | Found Bodaic's Jewellery Shop.
 47798 | Vaults:2 | Found a staircase to the Crypt.
 48102 | Vaults:2 | Noticed Sojobo
 48106 | Vaults:2 | Paralysed by an air elemental for 1 turns
 48132 | Vaults:2 | Paralysed by an air elemental for 1 turns
 48674 | Vaults:2 | Reached skill level 15 in Conjurations
 48801 | Vaults:2 | Identified the +1 leather armour "Kymolodgh" {Will+ Int-2
                  | Dex+3}
 48821 | Vaults:2 | Noticed Bai Suzhen
 48865 | Vaults:2 | Killed Sojobo
 48866 | Vaults:2 | Killed Bai Suzhen
 49189 | Vaults:2 | Identified the +2 buckler of Nacut {Str+4}
 49312 | Vaults:3 | Reached skill level 1 in Shields
 49354 | Vaults:3 | Gained mutation: When low on magic, you restore magic in
                  | place of health. [demonic ancestry]
 49354 | Vaults:3 | Reached XP level 19. HP: 108/143 MP: 14/35
 50745 | Vaults:4 | Found a huge runed gate.
 50745 | Vaults:4 | Found a huge runed gate.
 50746 | Vaults:4 | Found a huge runed gate.
 50746 | Vaults:4 | Found a huge runed gate.
 50746 | Vaults:4 | Found a huge runed gate.
 50747 | Vaults:4 | Found a huge runed gate.
 50747 | Vaults:4 | Found a huge runed gate.
 50747 | Vaults:4 | Found a huge runed gate.
 50747 | Vaults:4 | Found a huge runed gate.
 50749 | Vaults:4 | Found a huge runed gate.
 50749 | Vaults:4 | Found a huge runed gate.
 50749 | Vaults:4 | Found a huge runed gate.
 50749 | Vaults:4 | Found a huge runed gate.
 50749 | Vaults:4 | Found a huge runed gate.
 50749 | Vaults:4 | Found a huge runed gate.
 50750 | Vaults:4 | Found a huge runed gate.
 50751 | Vaults:4 | Found a huge runed gate.
 50752 | Vaults:4 | Found a huge runed gate.
 50815 | Vaults:4 | Reached skill level 5 in Shields
 50967 | Vaults:4 | Found a huge runed gate.
 50967 | Vaults:4 | Found a huge runed gate.
 50967 | Vaults:4 | Found a huge runed gate.
 50967 | Vaults:4 | Found a huge runed gate.
 50967 | Vaults:4 | Found a huge runed gate.
 50967 | Vaults:4 | Found a huge runed gate.
 50968 | Vaults:4 | Found a huge runed gate.
 50969 | Vaults:4 | Found a huge runed gate.
 50970 | Vaults:4 | Found a huge runed gate.
 50992 | Vaults:4 | Found a huge runed gate.
 50992 | Vaults:4 | Found a huge runed gate.
 50992 | Vaults:4 | Found a huge runed gate.
 50992 | Vaults:4 | Found a huge runed gate.
 50992 | Vaults:4 | Found a huge runed gate.
 50992 | Vaults:4 | Found a huge runed gate.
 50993 | Vaults:4 | Found a huge runed gate.
 50994 | Vaults:4 | Found a huge runed gate.
 50995 | Vaults:4 | Found a huge runed gate.
 51275 | Vaults:4 | Noticed Xtahua
 51278 | Vaults:4 | Killed Xtahua
 51279 | Vaults:4 | Reached skill level 15 in Fire Magic
 51279 | Vaults:4 | Found a portal to a secret trove of treasure.
 51675 | Lair:3   | Killed patfeehan111222's ghost
 52138 | Vaults:4 | You paid a toll of a +8 demon trident to enter a treasure
                  | trove
 52139 | Trove    | Entered a treasure trove
 52170 | Trove    | Identified the +6 scale mail of the King of the Hill {Fly
                  | rN+ SInv}
 52171 | Trove    | Identified the +1 robe "Himeoleopn" {Dex+2}
 52172 | Trove    | Identified the +1 helmet of Atheism {rPois Will+ Str+4}
 52192 | Trove    | Identified the amulet of Riloucs {RegenMP rPois Int+4
                  | Slay-3}
 52197 | Trove    | Identified the amulet of Vasol {Faith rF+ Will+ Int-2
                  | Dex+2}
 52226 | Trove    | Reached XP level 20. HP: 150/150 MP: 36/36
 54503 | Elf:1    | Entered Level 1 of the Elven Halls
 54525 | Elf:1    | Found Digic's Armour Shop.
 54528 | Elf:1    | Reached XP level 21. HP: 153/156 MP: 30/37
 54558 | Elf:1    | Found a magical portal.
 54567 | WizLab   | Entered Cigotuvi's Fleshworks
 54908 | WizLab   | Found the -2 hat of the Alchemist {rElec rPois rF+ rC+ rN+
                  | Will+ rMut rCorr}
 55187 | WizLab   | Got Cigotuvi's Book of the Ghastly Shift
 55189 | WizLab   | Got the Catalogue of Transmutation
 55191 | WizLab   | Got the Elucidation of Sculpting
 56254 | Elf:1    | Got the Papyrus of Hurting
 56346 | Elf:1    | Reached XP level 22. HP: 163/163 MP: 38/38
 56632 | Elf:2    | Found a crumbling gateway.
 56706 | Desolati | Entered the Desolation of Salt
 56886 | Desolati | Found the +2 hat of the Bear Spirit {Spirit, Bear, *Rage
                  | Will++}
 56911 | Desolati | Identified the ring of Lex Sob {Dex+3 Slay+4}
 56914 | Desolati | Identified the +4 scale mail of Purpose {rC++}
 57074 | Desolati | Identified the ring "Otuuqyid" {Fly rElec Str-3 Dex+4 SInv}
 57168 | Desolati | Got the Incunabulum of the Transmuted Tundra
 57172 | Desolati | Got the Notes on White Rot
 57174 | Desolati | Identified the +2 chain mail of Claustrophobia {*Slow rPois
                  | Dex+3}
 57460 | Desolati | Found the +8 Vampire's Tooth {megavamp}
 57468 | Desolati | Got Righiarph's Codex of Inhalation
 57626 | Elf:2    | Found a runed translucent gate.
 57626 | Elf:2    | Found a runed translucent gate.
 57626 | Elf:2    | Found a runed translucent gate.
 57775 | Elf:2    | Found a runed translucent door.
 58619 | Elf:2    | Identified the +12 plate armour of Utzeim {Rampage}
 58649 | Elf:3    | Entered Level 3 of the Elven Halls
 58872 | Elf:3    | Gained mutation: Your magical and physical power is
                  | enhanced at high health. [demonic ancestry]
 58872 | Elf:3    | Reached XP level 23. HP: 164/169 MP: 28/39
 58886 | Elf:3    | Identified the ring "Kaatuo" {Wiz rF+}
 58977 | Elf:3    | Identified the +8 dagger of the Fae God {spect, Dex+5}
 59054 | Elf:3    | Identified the ring "Iresch" {EV+5 Dex+2}
 59175 | Elf:3    | Got Vehumet's Vellum of Trauma and Transposition
 59214 | Elf:3    | Identified the +3 trident "Igulil" {holy, *Corrode Dex+6}
 59217 | Elf:3    | Identified the ring "Kayw" {rF+ Str+6 Int+4}
 59242 | Elf:3    | Identified the +1 great sword "Tulleiss" {holy, rF- Str+3}
 59297 | Elf:3    | Got the Directory of Haze
 59392 | Elf:3    | Identified the +1 leather armour of the Pure Servitors
                  | {rC+}
 59909 | Elf:3    | Found Wenleta Paga's Distillery.
 60080 | Elf:3    | Noticed Donald
 60084 | Elf:3    | Killed Donald
 60325 | Elf:3    | Paralysed by an air elemental for 1 turns
 60370 | Elf:3    | Learned a level 9 spell: Chain Lightning
 60757 | Crypt:1  | Entered Level 1 of the Crypt
 60862 | Crypt:1  | Reached skill level 1 in Air Magic
 62427 | Crypt:2  | Found an ancient bone altar of Kikubaaqudgha.
 62504 | Crypt:2  | Found an ancient bone altar of Kikubaaqudgha.
 62611 | Crypt:3  | Entered Level 3 of the Crypt
 62665 | Crypt:3  | Reached skill level 5 in Air Magic
 62948 | Crypt:3  | Found a staircase to the Tomb.
 62992 | Crypt:3  | Reached XP level 24. HP: 175/175 MP: 22/41
 63196 | Crypt:3  | Reached skill level 15 in Spellcasting
 63305 | Crypt:3  | Noticed a royal mummy
 63308 | Crypt:3  | Killed a royal mummy
 63312 | Crypt:3  | Noticed a dread lich
 63314 | Crypt:3  | Killed a dread lich
 63352 | Crypt:3  | Found a basalt altar of Yredelemnul.
 63357 | Crypt:3  | Found an ancient bone altar of Kikubaaqudgha.
 63365 | Crypt:3  | Identified the +5 dagger "Ritul" {drain, Int+3}
 63366 | Crypt:3  | Identified the +7 morningstar "Beetlebane" {drain, Str+4}
 63368 | Crypt:3  | Identified the ring of Ceocaot {Ice Str+3 Slay+2}
 63372 | Crypt:3  | Identified the +11 short sword "Tiesosmil" {heavy, rF-
                  | Int+7}
 63986 | Crypt:3  | Got Seiphoim's Grimoire of Indurated Assaults
 64048 | Crypt:3  | Learned a level 8 spell: Maxwell's Capacitive Coupling
 64271 | Vaults:5 | Entered Level 5 of the Vaults
 64276 | Vaults:5 | Noticed a dread lich
 64277 | Vaults:5 | Killed a dread lich
 64279 | Vaults:5 | Noticed a dread lich
 64281 | Vaults:5 | Killed a dread lich
 64297 | Vaults:5 | Gained mutation: You have large cloven feet. [mutagenic
                  | glow]
 64332 | Vaults:4 | Gained mutation: Your magical capacity is low. (-10% MP)
                  | [mutagenic glow]
 64418 | Vaults:4 | Lost mutation: Your magical capacity is low. (-10% MP)
                  | [potion of mutation]
 64418 | Vaults:4 | Lost mutation: You have large cloven feet. [potion of
                  | mutation]
 64418 | Vaults:4 | Gained mutation: You have a somewhat thin skeletal
                  | structure. (Dex +2, Stealth+) [potion of mutation]
 64418 | Vaults:4 | Gained mutation: You are partially covered in large bone
                  | plates. (SH +4) [potion of mutation]
 64434 | Vaults:5 | Noticed an ancient lich
 64435 | Vaults:5 | Identified the +8 plate armour "Biguobb" {Dex+2}
 64437 | Vaults:5 | Killed an ancient lich
 64438 | Vaults:5 | Noticed Mara
 64440 | Vaults:5 | Noticed souper's illusion
 64442 | Vaults:5 | Killed Mara
 64445 | Vaults:5 | Reached skill level 10 in Air Magic
 64453 | Vaults:5 | Noticed a dread lich
 64456 | Vaults:5 | Killed a dread lich
 64581 | Vaults:5 | Gained mutation: Your magical and physical power is greatly
                  | enhanced at high health. [demonic ancestry]
 64581 | Vaults:5 | Reached XP level 25. HP: 181/181 MP: 31/44
 64838 | Vaults:5 | Got a silver rune of Zot
 65117 | Vaults:5 | Identified the +11 great sword "Coyq Ytwerom" {flame, *Slow
                  | rElec Will+}
 65304 | Vaults:5 | Identified the +1 rapier "Fiom" {protect, rN++ Will+}
 65305 | Vaults:5 | Identified the ring of Niruth {rN+ rCorr Slay+2 SInv
                  | Stlth+}
 66071 | Slime:1  | Entered Level 1 of the Pits of Slime
 68022 | Slime:5  | Entered Level 5 of the Pits of Slime
 68072 | Slime:5  | Noticed the Royal Jelly
 68074 | Slime:5  | Killed the Royal Jelly
 68197 | Slime:5  | Identified the +2 ring mail of the Snake Pit {Dex+3}
 68200 | Slime:5  | Got a slimy rune of Zot
 68229 | Slime:5  | Identified the +4 dagger of Fidgheirgh {venom, rElec}
 68231 | Slime:5  | Identified the +2 scale mail of the Morning Star {rPois
                  | Dex+3}
 68236 | Slime:5  | Identified the +4 dagger "Tucif" {freeze, Str+2}
 68283 | Slime:5  | Identified the +4 falchion "Vuditsit" {venom, rElec rN++
                  | Int-3 SInv}
 68298 | Slime:5  | Identified the +4 quarterstaff "Wekacket" {heavy, rElec
                  | rPois Int-3 Stlth+}
 68890 | Depths:1 | Entered Level 1 of the Depths
 68948 | Depths:1 | Reached skill level 15 in Air Magic
 69121 | Depths:1 | Found Lauda Kui's General Store.
 69264 | Depths:1 | Found a one-way gate leading to the halls of Pandemonium.
 69333 | Depths:1 | Found a gateway to Hell.
 69559 | Depths:1 | Found a one-way gate to the infinite horrors of the Abyss.
 69761 | Depths:1 | Found Sihol's Antique Weapon Shoppe.
 69830 | Depths:1 | Found Rosatem's Book Boutique.
 69983 | Depths:2 | Reached XP level 26. HP: 183/188 MP: 30/45
 70038 | Depths:2 | Found Piwk's Book Boutique.
 70038 | Depths:2 | Found Inocu's Jewellery Emporium.
 70039 | Depths:2 | Found Yhajum's Jewellery Emporium.
 70232 | Depths:2 | Noticed a juggernaut
 70234 | Depths:2 | Killed a juggernaut
 70734 | Depths:2 | Identified the +2 leather armour "Idamnemn" {rF- Will+++
                  | Str+8 Int-2}
 70951 | Depths:3 | Reached skill level 1 in Transmutations
 71065 | Depths:3 | Identified the +1 leather armour of Winter {Int+3}
 71216 | Depths:3 | Found a sparkling altar of Nemelex Xobeh.
 71417 | Depths:3 | Reached skill level 5 in Transmutations
 72039 | Depths:3 | Identified the ring of Egom Koe {Wiz rF++ rN+}
 72167 | Depths:4 | Entered Level 4 of the Depths
 72286 | Depths:4 | Reached skill level 10 in Transmutations
 72288 | Depths:4 | Gained mutation: You occasionally lose the ability to drink
                  | potions when taking damage. [mutagenic glow]
 72434 | Depths:4 | Found Arghuo's Weapon Emporium.
 72451 | Depths:4 | Found a one-way gateway to a ziggurat.
 72812 | Depths:4 | Reached XP level 27. HP: 172/194 MP: 14/45
 73483 | Depths:4 | Found a gate to the Realm of Zot.
 73792 | Depths:4 | Voluntarily entered the Abyss.
 73818 | Abyss:1  | Found a corrupted altar of Lugonu.
 74004 | Abyss:1  | Learned a level 8 spell: Lehudib's Crystal Spear
 74109 | Abyss:1  | Found a corrupted altar of Lugonu.
 74240 | Abyss:2  | Found a corrupted altar of Lugonu.
 74683 | Abyss:3  | Reached skill level 15 in Earth Magic
 74691 | Abyss:3  | Found a corrupted altar of Lugonu.
 75151 | Abyss:3  | Got an abyssal rune of Zot
 75434 | Depths:4 | Escaped the Abyss
 75509 | Zot:1    | Entered Level 1 of the Realm of Zot
 75510 | Zot:1    | Noticed Parghit
 75514 | Zot:1    | Killed Parghit
 77331 | Zot:3    | Noticed an orb of fire
 77336 | Zot:3    | Killed an orb of fire
 77489 | Zot:3    | Lost mutation: You are partially covered in large bone
                  | plates. (SH +4) [potion of mutation]
 77489 | Zot:3    | Lost mutation: You occasionally lose the ability to drink
                  | potions when taking damage. [potion of mutation]
 77489 | Zot:3    | Lost mutation: You have a somewhat thin skeletal structure.
                  | (Dex +2, Stealth+) [potion of mutation]
 78351 | Zot:4    | Gained mutation: You occasionally lose the ability to drink
                  | potions when taking damage. [mutagenic glow]
 78535 | Zot:4    | Noticed an ancient lich
 78537 | Zot:4    | Killed an ancient lich
 78587 | Zot:4    | Noticed an ancient lich
 78588 | Zot:4    | Killed an ancient lich
 78776 | Zot:4    | Identified the +2 helmet "Fucaw" {Dex+3 Slay+5}
 79422 | Zot:5    | Entered Level 5 of the Realm of Zot
 79707 | Zot:5    | Noticed a dread lich
 79710 | Zot:5    | Killed a dread lich
 79761 | Zot:5    | Noticed an orb of fire
 79766 | Zot:5    | Killed an orb of fire
 79824 | Zot:5    | Noticed an orb of fire
 79827 | Zot:5    | Killed an orb of fire
 79838 | Zot:5    | Noticed an orb of fire
 79845 | Zot:5    | Killed an orb of fire
 79846 | Zot:5    | Reached skill level 15 in Fighting
 79949 | Zot:5    | Reached skill level 15 in Dodging
 80060 | Zot:5    | Noticed an orb of fire
 80064 | Zot:5    | Killed an orb of fire
 80477 | Zot:5    | Lost mutation: You occasionally lose the ability to drink
                  | potions when taking damage. [potion of mutation]
 80477 | Zot:5    | Gained mutation: You expend magic power (3 MP) to
                  | strengthen your wands. [potion of mutation]
 80477 | Zot:5    | Gained mutation: Your magical capacity is low. (-10% MP)
                  | [potion of mutation]
 80477 | Zot:5    | Gained mutation: You occasionally lose the ability to read
                  | scrolls when taking damage. [potion of mutation]
 80477 | Zot:5    | Gained mutation: You possess an exceptional clarity of
                  | mind. [potion of mutation]
 80488 | Zot:5    | Lost mutation: You expend magic power (3 MP) to strengthen
                  | your wands. [potion of mutation]
 80488 | Zot:5    | Lost mutation: You possess an exceptional clarity of mind.
                  | [potion of mutation]
 80488 | Zot:5    | Lost mutation: You occasionally lose the ability to read
                  | scrolls when taking damage. [potion of mutation]
 80499 | Zot:5    | Lost mutation: Your magical capacity is low. (-10% MP)
                  | [potion of mutation]
 80499 | Zot:5    | Gained mutation: You expend magic power (3 MP) to
                  | strengthen your wands. [potion of mutation]
 80499 | Zot:5    | Gained mutation: Your flesh is cold resistant. (rC+)
                  | [potion of mutation]
 80962 | D:5      | Killed sirJeffrey23's ghost
 81124 | D:9      | Killed pigah's ghost
 81138 | D:9      | Identified the +9 trident of Fimbulwinter {distort, *Noise
                  | +Blink rPois Will+++}
 81362 | Shoals:2 | Killed Buakyke's ghost
 81392 | Shoals:2 | Identified the amulet of Midwinter {Reflect Harm rCorr
                  | Int+2 Dex-5 SH+5}
 81635 | Orc:1    | Found a bloodstained altar of Trog.
 81721 | Orc:1    | Found a transporter.
 81721 | Orc:1    | Found a runed translucent door.
 82111 | Pan      | Entered Pandemonium
 82125 | Pan      | Noticed Mennas
 82126 | Pan      | Killed Mennas
 82316 | Pan      | Noticed Uskoew the pandemonium lord
 82318 | Pan      | Killed Uskoew the pandemonium lord
 82649 | Pan      | Got Selap's Incunable of the Whammy and the Impact
 83361 | Pan      | Reached skill level 15 in Necromancy
 83422 | Pan      | Identified the +11 long sword "Nomuann" {antimagic, Dex+3}
 83424 | Pan      | Found a transporter.
 83743 | Pan      | Identified the amulet of Resumed Hostilities {RegenMP
                  | rPois}
 83747 | Pan      | Found a transporter.
 84812 | Pan      | Noticed Uklocitet the pandemonium lord
 84815 | Pan      | Killed Uklocitet the pandemonium lord
 85477 | Pan      | Found an exit through the horrors of the Abyss.
 85663 | Pan      | Reached skill level 15 in Transmutations
 85821 | Pan      | Noticed Jeseih the pandemonium lord
 85826 | Pan      | Killed Jeseih the pandemonium lord
 86347 | Pan      | Noticed Utez the pandemonium lord
 86351 | Pan      | Killed Utez the pandemonium lord
 86946 | Pan      | Noticed Weicadd the pandemonium lord
 86954 | Pan      | Killed Weicadd the pandemonium lord
 86962 | Pan      | Reached skill level 1 in Armour
 86975 | Pan      | Reached skill level 5 in Armour
 87289 | Pan      | Identified a scroll of acquirement
 87302 | Pan      | Acquired the ring "Bivymum" {Will+ Str+2 Int+6}
 87989 | Pan      | Reached skill level 10 in Armour
 88091 | Pan      | Noticed Etitool the pandemonium lord
 88094 | Pan      | Killed Etitool the pandemonium lord
 88508 | Pan      | Identified the +2 robe of the Great Game {-Cast rN+ SInv}
 88630 | Pan      | Found a runed translucent door.
 88821 | Pan      | Got a demonic rune of Zot
 90297 | Pan      | Noticed Zotycvyrph the pandemonium lord
 90299 | Pan      | Killed Zotycvyrph the pandemonium lord
 90634 | Pan      | Reached skill level 15 in Armour
 90959 | Pan      | Noticed Unnagun the pandemonium lord
 90963 | Pan      | Killed Unnagun the pandemonium lord
 91653 | Pan      | Entered the realm of Lom Lobon.
 92454 | Pan      | Noticed Lom Lobon
 92464 | Pan      | Killed Lom Lobon
 92563 | Pan      | Got a magical rune of Zot
 93909 | Pan      | Entered the realm of Mnoleg.
 93917 | Pan      | Gained mutation: Your magical capacity is low. (-10% MP) [a
                  | cacodemon]
 93924 | Pan      | Gained mutation: You have a pair of small antennae on your
                  | head. [a cacodemon]
 93932 | Pan      | Gained mutation: You sometimes lose your temper in combat.
                  | [a cacodemon]
 93933 | Pan      | Gained mutation: Your body sometimes deteriorates upon
                  | taking damage. [a cacodemon]
 94090 | Pan      | Gained mutation: You occasionally lose the ability to drink
                  | potions when taking damage. [a cacodemon]
 94215 | Pan      | Lost mutation: You have a pair of small antennae on your
                  | head. [potion of mutation]
 94215 | Pan      | Lost mutation: You expend magic power (3 MP) to strengthen
                  | your wands. [potion of mutation]
 94216 | Pan      | Lost mutation: You sometimes lose your temper in combat.
                  | [potion of mutation]
 94216 | Pan      | Lost mutation: You occasionally lose the ability to drink
                  | potions when taking damage. [potion of mutation]
 94216 | Pan      | Gained mutation: You are frail. (-10% HP) [potion of
                  | mutation]
 94217 | Pan      | Lost mutation: Your flesh is cold resistant. (rC+) [potion
                  | of mutation]
 94217 | Pan      | Lost mutation: You are frail. (-10% HP) [potion of
                  | mutation]
 94217 | Pan      | Lost mutation: Your magical capacity is low. (-10% MP)
                  | [potion of mutation]
 94217 | Pan      | Gained mutation: Your movements are slightly less
                  | encumbered by armour. (ER -2) [potion of mutation]
 94218 | Pan      | Lost mutation: Your movements are slightly less encumbered
                  | by armour. (ER -2) [potion of mutation]
 94218 | Pan      | Lost mutation: Your body sometimes deteriorates upon taking
                  | damage. [potion of mutation]
 94218 | Pan      | Gained mutation: You occasionally shout uncontrollably at
                  | your foes. [potion of mutation]
 94218 | Pan      | Gained mutation: You have an increased reservoir of magic.
                  | (+10% MP) [potion of mutation]
 94219 | Pan      | Lost mutation: You occasionally shout uncontrollably at
                  | your foes. [potion of mutation]
 94219 | Pan      | Lost mutation: You have an increased reservoir of magic.
                  | (+10% MP) [potion of mutation]
 94265 | Pan      | Noticed Mnoleg
 94274 | Pan      | Killed Mnoleg
 94587 | Pan      | Got a glowing rune of Zot
 95678 | Pan      | Identified the +6 tower shield of Magic {Slay+3}
 95830 | Pan      | Identified the +3 tower shield "Afewaz" {rCorr Int+4 Dex-2
                  | Slay+2}
 96257 | Pan      | Reached skill level 27 in Conjurations
 96373 | Pan      | Reached skill level 1 in Throwing
 96567 | Pan      | Noticed a seraph
 96571 | Pan      | Killed a seraph
 96654 | Pan      | Got the Octavo of Relocated Blows
 96656 | Pan      | Identified the +3 spear of Perversion {drain, Str+3 Dex+4}
 96658 | Pan      | Identified the +5 dagger of Big Damage {flame, *Rage rF+++
                  | Str-2 Int+5}
 96750 | Pan      | Reached skill level 5 in Throwing
 97845 | Pan      | Entered the realm of Cerebov.
 98125 | Pan      | Identified the +4 great sword of Butchery {drain, rF+}
 98485 | Pan      | Reached skill level 10 in Throwing
 98676 | Pan      | Found the +6 sword of Cerebov {flame}
 98676 | Pan      | Noticed Cerebov
 98684 | Pan      | Killed Cerebov
 98777 | Pan      | Got a fiery rune of Zot
 98798 | Pan      | Got the Dissertation on the Shapeshifter and the Birds
 98808 | Pan      | Learned a level 8 spell: Necromutation
 98808 | Pan      | Identified the +3 sling "Giri" {freeze, MP+9 Str+3}
 98830 | Pan      | Identified the amulet "Idwod" {Acrobat Harm rElec Will-
                  | Str-5}
 98834 | Pan      | Identified the +11 morningstar of Uhassuem {heavy, Int+3}
 98847 | Pan      | Identified the +1 sling "Soass" {flame, Dex+3}
 98850 | Pan      | Identified the +0 robe "Yfush" {Will- Int+5 Dex+3 SInv}
 99442 | Pan      | Found an exit through the horrors of the Abyss.
 99710 | Pan      | Noticed Ifeilaga the pandemonium lord
 99715 | Pan      | Killed Ifeilaga the pandemonium lord
100104 | Pan      | Found an exit through the horrors of the Abyss.
100437 | Pan      | Noticed Atioxiog the pandemonium lord
100440 | Pan      | Killed Atioxiog the pandemonium lord
100785 | Pan      | Entered the realm of Gloorx Vloq.
100785 | Pan      | Noticed Gloorx Vloq
100788 | Pan      | Killed Gloorx Vloq
100858 | Pan      | Got a dark rune of Zot
101281 | Pan      | Found an exit through the horrors of the Abyss.
102104 | Pan      | Took an exit into the Abyss.
102104 | Abyss:3  | Escaped into the Abyss
102104 | Abyss:3  | Found a corrupted altar of Lugonu.
102187 | Depths:1 | Escaped the Abyss
102491 | Tomb:1   | Entered Level 1 of the Tomb of the Ancients
102763 | Tomb:1   | Noticed a royal mummy
102765 | Tomb:1   | Killed a royal mummy
102954 | Tomb:1   | Noticed a royal mummy
102957 | Tomb:1   | Killed a royal mummy
103087 | Tomb:1   | Identified the +11 dagger of Foul Odours {drain, rC++}
103425 | Tomb:2   | Noticed a royal mummy
103425 | Tomb:2   | Noticed a royal mummy
103425 | Tomb:2   | Noticed a royal mummy
103426 | Tomb:2   | Noticed a royal mummy
103430 | Tomb:2   | Killed a royal mummy
103430 | Tomb:2   | Killed a royal mummy
103431 | Tomb:2   | Killed a royal mummy
103432 | Tomb:2   | Killed a royal mummy
104002 | Tomb:1   | Noticed a royal mummy
104003 | Tomb:1   | Noticed a royal mummy
104003 | Tomb:1   | Noticed a royal mummy
104004 | Tomb:1   | Killed a royal mummy
104004 | Tomb:1   | Killed a royal mummy
104005 | Tomb:1   | Noticed a royal mummy
104006 | Tomb:1   | Killed a royal mummy
104006 | Tomb:1   | Killed a royal mummy
104006 | Tomb:1   | Noticed a royal mummy
104006 | Tomb:1   | Noticed a royal mummy
104007 | Tomb:1   | Killed a royal mummy
104007 | Tomb:1   | Noticed a royal mummy
104008 | Tomb:1   | Killed a royal mummy
104008 | Tomb:1   | Killed a royal mummy
104008 | Tomb:1   | Killed a royal mummy
104009 | Tomb:1   | Killed a royal mummy
104010 | Tomb:1   | Killed a royal mummy
104012 | Tomb:1   | Killed a royal mummy
104037 | Tomb:1   | Noticed a royal mummy
104039 | Tomb:1   | Killed a royal mummy
104094 | Tomb:1   | Noticed a royal mummy
104097 | Tomb:1   | Killed a royal mummy
104116 | Tomb:1   | Noticed a royal mummy
104116 | Tomb:1   | Noticed a royal mummy
104118 | Tomb:1   | Killed a royal mummy
104119 | Tomb:1   | Killed a royal mummy
104124 | Tomb:1   | Noticed a royal mummy
104126 | Tomb:1   | Killed a royal mummy
104175 | Tomb:1   | Noticed a royal mummy
104176 | Tomb:1   | Noticed a royal mummy
104178 | Tomb:1   | Killed a royal mummy
104178 | Tomb:1   | Killed a royal mummy
104179 | Tomb:1   | Killed a royal mummy
104185 | Tomb:1   | Noticed a royal mummy
104187 | Tomb:1   | Killed a royal mummy
104194 | Tomb:1   | Noticed a royal mummy
104195 | Tomb:1   | Killed a royal mummy
104201 | Tomb:1   | Noticed a royal mummy
104203 | Tomb:1   | Killed a royal mummy
104507 | Tomb:2   | Reached skill level 27 in Necromancy
104785 | Tomb:2   | Acquired the +1 pair of gloves "Joeq Qokhla" {rC+}
104806 | Tomb:3   | Entered Level 3 of the Tomb of the Ancients
104822 | Tomb:3   | Found the +6 shillelagh "Devastator" {shatter}
104834 | Tomb:3   | Noticed a royal mummy
104834 | Tomb:3   | Noticed a royal mummy
104835 | Tomb:3   | Noticed a royal mummy
104835 | Tomb:3   | Noticed a royal mummy
104836 | Tomb:3   | Killed a royal mummy
104838 | Tomb:3   | Noticed Khufu
104839 | Tomb:3   | Killed a royal mummy
104839 | Tomb:3   | Killed Khufu
104840 | Tomb:3   | Killed a royal mummy
104840 | Tomb:3   | Killed a royal mummy
104841 | Tomb:3   | Noticed a royal mummy
104845 | Tomb:3   | Killed a royal mummy
104845 | Tomb:3   | Noticed a royal mummy
104849 | Tomb:3   | Noticed a royal mummy
104850 | Tomb:3   | Killed a royal mummy
104851 | Tomb:3   | Killed a royal mummy
104854 | Tomb:3   | Noticed a royal mummy
104857 | Tomb:3   | Killed a royal mummy
104937 | Tomb:3   | Identified the +7 short sword of Severance {heavy, Stlth+}
104992 | Tomb:3   | Got the Grimoire of Twisted Maleficent Spells
105002 | Tomb:3   | Identified the +2 triple sword "Woonkia" {venom, rF- MP-9
                  | Int+5}
105005 | Tomb:3   | Identified the +3 leather armour of the Heron {Int+3}
105271 | Tomb:3   | Got a golden rune of Zot
105847 | Zig:1    | Entered Level 1 of a ziggurat
105866 | Zig:2    | Entered Level 2 of a ziggurat
105893 | Zig:3    | Entered Level 3 of a ziggurat
105907 | Zig:3    | Found the +5 robe of Night {Dark Will+ SInv}
105943 | Zig:4    | Entered Level 4 of a ziggurat
105949 | Zig:4    | Found the +16 obsidian axe {drain, demonic, Mesm Drain Fly
                  | SInv}
105974 | Zig:5    | Entered Level 5 of a ziggurat
106004 | Zig:6    | Entered Level 6 of a ziggurat
106037 | Zig:6    | Acquired 880 gold pieces
106047 | Zig:7    | Entered Level 7 of a ziggurat
106052 | Zig:7    | Found the +2 ratskin cloak {*Rats rPois rN+ Str-1 Int-1
                  | Dex+1}
106089 | Zig:7    | Identified the +2 falchion of the Lair of Beasts {speed,
                  | SInv}
106101 | Zig:8    | Entered Level 8 of a ziggurat
106138 | Zig:8    | Identified the ring "Suqosiq" {+Blink rC- Will+ Str+6 Dex-4
                  | SInv}
106142 | Zig:8    | Identified the +5 falchion "Itasomp" {holy, rCorr Int+5}
106143 | Zig:8    | Identified the +0 ring mail "Toaffubb" {rF- rCorr Str+2
                  | Dex+3}
106150 | Zig:8    | Identified the +7 halberd "Isyuzil" {drain, Fragile rCorr
                  | Dex+2}
106158 | Zig:9    | Entered Level 9 of a ziggurat
106169 | Zig:9    | Reached skill level 10 in Shields
106198 | Zig:9    | Identified the +1 leather armour of Toacon {rPois Int+6}
106199 | Zig:9    | Identified the +1 robe "Seesch" {+Inv rN+ rCorr Str-4}
106213 | Zig:10   | Entered Level 10 of a ziggurat
106273 | Zig:10   | Identified the ring "Gewnav" {rElec rPois rF+ rC+++ Int-4}
106288 | Zig:11   | Entered Level 11 of a ziggurat
106341 | Zig:11   | Found the +3 hat of Pondering {ponderous, Will+ MP+10
                  | Int+5}
106349 | Zig:11   | Identified the +2 robe "Odigguod" {Str-4 Dex+3}
106359 | Zig:11   | Identified the +8 sling "Loopy" {speed, Str+2}
106396 | Zig:12   | Entered Level 12 of a ziggurat
106442 | Zig:12   | Identified the +6 whip of souper's Anguish {venom, rC+
                  | Int+6 Dex-5}
106447 | Zig:13   | Entered Level 13 of a ziggurat
106498 | Zig:13   | Identified the +5 shortbow "Lixuiliw" {speed, rElec rPois
                  | SInv}
106502 | Zig:13   | Identified the +6 hand crossbow of Kittep {flame, rN+
                  | Dex+4}
106519 | Zig:13   | Acquired a book of Geomancy
106536 | Zig:14   | Entered Level 14 of a ziggurat
106576 | Zig:14   | Identified the +2 pair of gloves of the Prince of Darkness
                  | {Str+2}
106597 | Zig:15   | Entered Level 15 of a ziggurat
106605 | Zig:15   | Noticed an orb of fire
106608 | Zig:15   | Killed an orb of fire
106608 | Zig:15   | Noticed an orb of fire
106612 | Zig:15   | Killed an orb of fire
106685 | Zig:15   | Identified the +9 arbalest of Excruciating Pain {drain,
                  | rPois Will+ Str+3}
106689 | Zig:15   | Identified the +11 glaive of Causality {flame, rCorr Dex+2}
106690 | Zig:15   | Identified the +1 falchion of Larof {pain, Int+3}
106725 | Zig:16   | Entered Level 16 of a ziggurat
106821 | Zig:16   | Identified the +8 morningstar "Newtslayer" {flame, *Slow
                  | rElec Dex+4}
106830 | Zig:16   | Identified the +1 plate armour of Zetas {+Inv Int+9 Slay-5
                  | Stlth+}
106842 | Zig:16   | Identified the ring of Baupene {rPois Will+ SInv}
106857 | Zig:17   | Entered Level 17 of a ziggurat
106921 | Zig:17   | Identified the +2 dagger of Scuffed Tortfeasance {elec,
                  | rPois}
106922 | Zig:17   | Identified the +8 flail of the Whale {drain, *Rage rPois
                  | Stlth+}
106923 | Zig:17   | Identified the +1 broad axe of Internal Strife {freeze,
                  | rC+}
106933 | Zig:17   | Identified the +3 scale mail of Free Will {Will+ Stlth+}
106946 | Zig:18   | Entered Level 18 of a ziggurat
107020 | Zig:18   | Identified the ring of Past Mistakes {rPois rC+ MP+9
                  | Stlth+}
107023 | Zig:18   | Identified the +3 plate armour of Guifeeto {rPois rCorr
                  | Str+5 Dex+4}
107032 | Zig:18   | Identified the +3 battleaxe "Cuimuxt" {venom, rN+}
107064 | Zig:19   | Entered Level 19 of a ziggurat
107079 | Zig:19   | Reached skill level 15 in Shields
107121 | Zig:19   | Found the +5 robe of Misfortune {Harm *Corrode *Slow EV+5}
107136 | Zig:19   | Identified the ring of Bycas {EV+5 Int+5}
107186 | Zig:20   | Entered Level 20 of a ziggurat
107197 | Zig:20   | Noticed a juggernaut
107199 | Zig:20   | Noticed a juggernaut
107199 | Zig:20   | Noticed a juggernaut
107200 | Zig:20   | Noticed a juggernaut
107200 | Zig:20   | Noticed a juggernaut
107202 | Zig:20   | Killed a juggernaut
107203 | Zig:20   | Killed a juggernaut
107203 | Zig:20   | Noticed a juggernaut
107204 | Zig:20   | Killed a juggernaut
107204 | Zig:20   | Killed a juggernaut
107205 | Zig:20   | Noticed a juggernaut
107207 | Zig:20   | Killed a juggernaut
107209 | Zig:20   | Killed a juggernaut
107209 | Zig:20   | Killed a juggernaut
107339 | Zig:21   | Entered Level 21 of a ziggurat
107348 | Zig:21   | Noticed a royal mummy
107349 | Zig:21   | Noticed a royal mummy
107352 | Zig:21   | Killed a royal mummy
107353 | Zig:21   | Killed a royal mummy
107357 | Zig:21   | Noticed a royal mummy
107359 | Zig:21   | Killed a royal mummy
107360 | Zig:21   | Noticed a royal mummy
107362 | Zig:21   | Killed a royal mummy
107362 | Zig:21   | Noticed a royal mummy
107365 | Zig:21   | Noticed a royal mummy
107365 | Zig:21   | Noticed a royal mummy
107365 | Zig:21   | Noticed a royal mummy
107367 | Zig:21   | Killed a royal mummy
107369 | Zig:21   | Killed a royal mummy
107369 | Zig:21   | Killed a royal mummy
107370 | Zig:21   | Killed a royal mummy
107401 | Zig:21   | Found the +6 arbalest "Damnation" {damnation}
107401 | Zig:21   | Found the +3 Elemental Staff {rElec rF++ rC++ AC+5}
107408 | Zig:21   | Found the ring of the Octopus King
107413 | Zig:21   | Identified the ring "Keiveol" {rCorr MP+9}
107426 | Zig:21   | Got the Spellbook of Transposed Fog
107428 | Zig:21   | Identified the +0 morningstar "Ilutef" {heavy, rF++ Str-3
                  | Int+4 Stlth+}
107433 | Zig:21   | Identified a ring of the Octopus King {HP+2 AC+2 EV+2 SH+2
                  | SInv}
107468 | Zig:22   | Entered Level 22 of a ziggurat
107478 | Zig:22   | Noticed a dread lich
107480 | Zig:22   | Killed a dread lich
107556 | Zig:22   | Identified the +0 leather armour "Geaf" {Dex+3 Stlth+}
107616 | Zig:23   | Entered Level 23 of a ziggurat
107630 | Zig:23   | Noticed an ancient lich
107630 | Zig:23   | Noticed an ancient lich
107632 | Zig:23   | Killed an ancient lich
107632 | Zig:23   | Killed an ancient lich
107644 | Zig:23   | Noticed a dread lich
107645 | Zig:23   | Killed a dread lich
107645 | Zig:23   | Killed a dread lich
107700 | Zig:23   | Identified the amulet of Ziecur {Faith rCorr Str+6 Dex-5}
107722 | Zig:23   | Identified the +5 whip "Hotim" {freeze, rC+}
107739 | Zig:23   | Identified the ring of Feuleo {rC+ SInv}
107787 | Zig:24   | Entered Level 24 of a ziggurat
107879 | Zig:24   | Identified the +8 whip "Vunwics" {freeze, +Blink Fly rPois
                  | rC-}
107933 | Zig:25   | Entered Level 25 of a ziggurat
108055 | Zig:25   | Found the +1 cloak of Starlight {*Dazzle EV+4 Stlth--}
108070 | Zig:25   | Identified the amulet "Hero's Friend" {Reflect rF++ rC-
                  | Str+2 Dex+3 SH+5}
108077 | Zig:25   | Identified the +6 arbalest of Juorestr Seng {speed, rF+
                  | MP+9 Str+3 SInv}
108081 | Zig:25   | Identified the amulet of Freedom {RegenMP rElec}
108082 | Zig:25   | Identified the +5 great mace of Fageipo {protect, Will+
                  | Dex+3}
108113 | Zig:26   | Entered Level 26 of a ziggurat
108131 | Zig:26   | Paralysed by a wendigo for 1 turns
108164 | Zig:26   | Found the amulet of the Air {Inacc Air Fly rElec RMsl}
108171 | Zig:26   | Identified the amulet of the Duchess {Acrobat rN+ Dex+4
                  | Stlth-}
108174 | Zig:26   | Identified the ring "Cietyoqa" {Fly rPois Will- Str+6
                  | Dex-2}
108184 | Zig:26   | Identified the +8 scimitar "Hydrabane" {vamp, Int+5 Dex+3}
108185 | Zig:26   | Identified the +7 quarterstaff of Pain and Death {freeze,
                  | +Blink Str-4 Dex+4}
108200 | Zig:26   | Identified the +4 robe of the Lair of Beasts {rElec Regen+
                  | Str+3}
108273 | Zig:27   | Entered Level 27 of a ziggurat
108303 | Zig:27   | Noticed Wiamol the pandemonium lord
108305 | Zig:27   | Killed Wiamol the pandemonium lord
108355 | Zig:27   | Identified the +0 scale mail of the Living Monkey {rPois
                  | rC- MP+9 Str+3}
108425 | Zig:1    | Entered Level 1 of a ziggurat
108425 | Zig:1    | Noticed Omnodim the pandemonium lord
108428 | Zig:1    | Killed Omnodim the pandemonium lord
108452 | Zig:2    | Entered Level 2 of a ziggurat
108477 | Zig:2    | Identified the +4 shortbow "Qaoreigo" {freeze, rPois Str+3}
108486 | Zig:3    | Entered Level 3 of a ziggurat
108504 | Zig:3    | Identified the +0 robe of the Mashing Gods {rCorr}
108515 | Zig:4    | Entered Level 4 of a ziggurat
108541 | Zig:5    | Entered Level 5 of a ziggurat
108542 | Zig:5    | Noticed an ancient lich
108543 | Zig:5    | Noticed a dread lich
108543 | Zig:5    | Found the +12 pair of quick blades "Gyre" and "Gimble"
                  | {protect}
108545 | Zig:5    | Killed an ancient lich
108545 | Zig:5    | Killed a dread lich
108554 | Zig:5    | Identified the +1 dire flail of Animal Spirits {heavy,
                  | rPois Stlth+}
108559 | Zig:6    | Entered Level 6 of a ziggurat
108562 | Zig:6    | Paralysed by an air elemental for 1 turns
108586 | Zig:6    | Identified the +7 morningstar of Precise Incision {flame,
                  | *Slow rC- Dex+5}
108610 | Zig:7    | Entered Level 7 of a ziggurat
108612 | Zig:7    | Noticed a royal mummy
108612 | Zig:7    | Noticed a royal mummy
108612 | Zig:7    | Noticed a royal mummy
108612 | Zig:7    | Noticed a royal mummy
108614 | Zig:7    | Killed a royal mummy
108615 | Zig:7    | Killed a royal mummy
108615 | Zig:7    | Killed a royal mummy
108615 | Zig:7    | Killed a royal mummy
108659 | Zig:8    | Entered Level 8 of a ziggurat
108663 | Zig:8    | Noticed Mepsob the pandemonium lord
108663 | Zig:8    | Noticed Refaluxo the pandemonium lord
108666 | Zig:8    | Killed Refaluxo the pandemonium lord
108666 | Zig:8    | Noticed Wocw the pandemonium lord
108667 | Zig:8    | Killed Mepsob the pandemonium lord
108668 | Zig:8    | Killed Wocw the pandemonium lord
108692 | Zig:8    | Identified the +0 plate armour of Totroar {Dex+4}
108728 | Zig:9    | Entered Level 9 of a ziggurat
108733 | Zig:9    | Found the +8 storm bow {elec, penet}
108733 | Zig:9    | Noticed an ancient lich
108734 | Zig:9    | Noticed an ancient lich
108734 | Zig:9    | Noticed an ancient lich
108736 | Zig:9    | Killed an ancient lich
108736 | Zig:9    | Killed an ancient lich
108739 | Zig:9    | Killed an ancient lich
108769 | Zig:9    | Identified the ring "Ciwokko" {Fly rF+ Dex+4}
108799 | Zig:10   | Entered Level 10 of a ziggurat
108811 | Zig:10   | Noticed Cohatsot the pandemonium lord
108816 | Zig:10   | Killed Cohatsot the pandemonium lord
108851 | Zig:10   | Identified the +1 plate armour of Hihedur {rN+}
108852 | Zig:10   | Identified the amulet "Cuneshin" {Harm rElec Regen+ Stlth+}
108858 | Zig:10   | Identified the amulet of Bueqeuv {Faith rN+}
108882 | Zig:11   | Entered Level 11 of a ziggurat
108901 | Zig:11   | Noticed Olautoss the pandemonium lord
108901 | Zig:11   | Noticed Ywopsi the pandemonium lord
108902 | Zig:11   | Noticed Vun Fuf the pandemonium lord
108902 | Zig:11   | Noticed Finnuh the pandemonium lord
108907 | Zig:11   | Killed Ywopsi the pandemonium lord
108907 | Zig:11   | Killed Vun Fuf the pandemonium lord
108907 | Zig:11   | Killed Finnuh the pandemonium lord
108909 | Zig:11   | Killed Olautoss the pandemonium lord
108992 | Zig:11   | Reached skill level 5 in Staves
109002 | Zig:12   | Entered Level 12 of a ziggurat
109021 | Zig:12   | Found the +9 staff of Olgreb {rPois∞}
109059 | Zig:12   | Identified the +9 spear of the Puffball {venom, Str+3}
109070 | Zig:12   | Identified the amulet "Finluhir" {Acrobat Str+3 Int+4}
109097 | Zig:13   | Entered Level 13 of a ziggurat
109103 | Zig:13   | Noticed an ancient lich
109106 | Zig:13   | Killed an ancient lich
109166 | Zig:13   | Got Khufu's Enchiridion on Rot
109221 | Zig:14   | Entered Level 14 of a ziggurat
109290 | Zig:14   | Identified the +0 battleaxe "Eloliosh" {vamp, rPois rF-
                  | Int+2}
109291 | Zig:14   | Identified the +6 broad axe of Bread {heavy, Fragile rN+++
                  | Dex+6 SInv}
109303 | Zig:14   | Identified the +8 chain mail of the Equator {Will+}
109363 | Zig:15   | Entered Level 15 of a ziggurat
109389 | Zig:15   | Noticed Odoegor the pandemonium lord
109391 | Zig:15   | Noticed Hamiaqex the pandemonium lord
109394 | Zig:15   | Killed Odoegor the pandemonium lord
109395 | Zig:15   | Killed Hamiaqex the pandemonium lord
109396 | Zig:15   | Reached skill level 10 in Staves
109416 | Zig:15   | Found the +10 zealot's sword {holy, Zealotry, *Rage rN+
                  | EV+3}
109431 | Zig:15   | Identified the +1 fire dragon scales of the Morning Star
                  | {rF++ rC- SInv}
109438 | Zig:15   | Identified the +2 leather armour of Deletyny {MP+9}
109477 | Zig:16   | Entered Level 16 of a ziggurat
109494 | Zig:16   | Paralysed by a floating eye for 2 turns
109522 | Zig:16   | Found the ring of the Octopus King
109536 | Zig:16   | Identified the +3 triple crossbow "Wabelas" {freeze, Will+
                  | Str+4 Dex-5}
109538 | Zig:16   | Identified a ring of the Octopus King {rN+ HP+2 AC+2 EV+2
                  | SH+2}
109542 | Zig:16   | Identified the ring "Naseirire" {Wiz Stlth+}
109587 | Zig:17   | Entered Level 17 of a ziggurat
109598 | Zig:17   | Noticed a dread lich
109599 | Zig:17   | Noticed an ancient lich
109601 | Zig:17   | Killed an ancient lich
109601 | Zig:17   | Noticed a dread lich
109603 | Zig:17   | Killed a dread lich
109603 | Zig:17   | Killed a dread lich
109609 | Zig:17   | Noticed an ancient lich
109612 | Zig:17   | Killed an ancient lich
109642 | Zig:17   | Found the brooch of Shielding {Spirit SH+8}
109643 | Zig:17   | Found the +7 captain's cutlass {speed, disarm}
109648 | Zig:17   | Identified the +4 shortbow "Futzeklu" {elec, Fragile rC++
                  | rCorr}
109667 | Zig:17   | Identified the +1 scale mail "Jastraur" {Int+2}
109670 | Zig:17   | Identified the +6 hand axe "Povahoist" {flame, Fly}
109732 | Zig:18   | Entered Level 18 of a ziggurat
109849 | Zig:18   | Identified the +3 morningstar "Eviscerator" {flame, rC++
                  | Will+ Str+4}
109851 | Zig:18   | Identified the amulet of Toskahilof {RegenMP Fly rElec}
109926 | Zig:19   | Entered Level 19 of a ziggurat
109947 | Zig:19   | Identified the +7 tower shield "Xizequ Domil" {rF+ SInv}
109958 | Zig:19   | Identified the +0 tower shield "Jiyc" {Rampage}
110006 | Zig:19   | Identified the amulet "Niublu" {Spirit Will+ Int+3}
110016 | Zig:19   | Identified the +1 scimitar "Gon Ruma" {heavy, rC+}
110034 | Zig:19   | Identified the +2 leather armour "Rudaneggaa" {Dex+4}
110036 | Zig:19   | Identified the amulet of the Final Decision {Rampage rF+
                  | Regen+ Str+3}
110104 | Zig:20   | Entered Level 20 of a ziggurat
110212 | Zig:20   | Identified the ring of Coronation {rN+++ Str+5 Dex+6
                  | Slay-3}
110221 | Zig:20   | Identified the +5 sling of Royalism {flame, rElec Stlth+}
110226 | Zig:20   | Identified the +2 helmet "Vevaoty" {rCorr Str+3 Int-5}
110229 | Zig:20   | Identified the +7 shortbow of Watchfulness {elec, rElec
                  | rPois rN++ Int-4}
110230 | Zig:20   | Identified the +12 arbalest "Nysoqawk" {penet, Int+2}
110235 | Zig:20   | Identified the +8 flail "Trog's Vengeance" {freeze, *Slow
                  | rC+ Int+2}
110239 | Zig:20   | Got the Parchment of Translocated Destruction
110290 | Zig:21   | Entered Level 21 of a ziggurat
110371 | Zig:21   | Identified the +0 morningstar of the Majestic God {flame,
                  | rF+ Int+5 Dex+5}
110378 | Zig:21   | Identified the +1 mace "Keng" {drain, rPois}
110379 | Zig:21   | Identified the +2 spear of Action {spect, *Noise rPois
                  | Dex+2 SInv}
110380 | Zig:21   | Identified the ring of Jalesim Cuep {Int+6 SInv}
110387 | Zig:21   | Identified the +11 spear of Pecucvi {pain, MP+9}
110391 | Zig:21   | Identified the +5 halberd of Chance {drain, Will+ MP+9}
110483 | Zig:22   | Entered Level 22 of a ziggurat
110746 | Zig:22   | Identified the +9 halberd of the Disturbing Realms {venom,
                  | rC+ Int+2 Dex+2}
110755 | Zig:22   | Identified the +6 arbalest "Arraxkudgh" {penet, rElec}
110756 | Zig:22   | Identified the +7 halberd of Uncertain Death {protect,
                  | Str+4}
110818 | Zig:23   | Entered Level 23 of a ziggurat
110937 | Zig:23   | Identified the +5 glaive of Regicide {freeze, rPois Dex+3
                  | SInv}
111025 | Zig:24   | Entered Level 24 of a ziggurat
111045 | Zig:24   | Noticed a royal mummy
111047 | Zig:24   | Killed a royal mummy
111047 | Zig:24   | Noticed a royal mummy
111050 | Zig:24   | Killed a royal mummy
111057 | Zig:24   | Noticed a royal mummy
111057 | Zig:24   | Noticed a royal mummy
111058 | Zig:24   | Noticed a royal mummy
111059 | Zig:24   | Noticed a royal mummy
111060 | Zig:24   | Noticed a royal mummy
111062 | Zig:24   | Killed a royal mummy
111062 | Zig:24   | Killed a royal mummy
111063 | Zig:24   | Noticed a royal mummy
111064 | Zig:24   | Killed a royal mummy
111064 | Zig:24   | Noticed a royal mummy
111065 | Zig:24   | Killed a royal mummy
111067 | Zig:24   | Killed a royal mummy
111067 | Zig:24   | Noticed a royal mummy
111068 | Zig:24   | Killed a royal mummy
111068 | Zig:24   | Killed a royal mummy
111070 | Zig:24   | Killed a royal mummy
111071 | Zig:24   | Noticed a royal mummy
111073 | Zig:24   | Killed a royal mummy
111073 | Zig:24   | Noticed a royal mummy
111074 | Zig:24   | Reached skill level 27 in Fighting
111074 | Zig:24   | Noticed a royal mummy
111075 | Zig:24   | Killed a royal mummy
111076 | Zig:24   | Killed a royal mummy
111084 | Zig:24   | Noticed a royal mummy
111085 | Zig:24   | Killed a royal mummy
111196 | Zig:24   | Identified the +0 ring mail of Jisurr {Harm rC- Dex+3}
111200 | Zig:24   | Identified the +0 quarterstaff "Loopy" {elec, rC+ rN+
                  | rCorr}
111252 | Zig:25   | Entered Level 25 of a ziggurat
111290 | Zig:25   | Killed a dread lich
111315 | Zig:25   | Reached skill level 27 in Spellcasting
111514 | Zig:25   | Identified the +7 dagger of Might {freeze, *Noise rF+ rN++
                  | Stlth+}
111625 | Zig:26   | Entered Level 26 of a ziggurat
111656 | Zig:26   | Noticed an ancient lich
111657 | Zig:26   | Noticed a dread lich
111658 | Zig:26   | Killed a dread lich
111658 | Zig:26   | Killed an ancient lich
111660 | Zig:26   | Killed a dread lich
111662 | Zig:26   | Killed an ancient lich
111666 | Zig:26   | Killed an ancient lich
111666 | Zig:26   | Killed a dread lich
111667 | Zig:26   | Killed an ancient lich
111671 | Zig:26   | Reached skill level 27 in Armour
111731 | Zig:26   | Identified the ring "Juofos Bymi" {Fire Slay+6 Stlth-}
111747 | Zig:26   | Identified the ring of the Seven Souls {+Blink rC+ Int+6
                  | Stlth+}
111849 | Zig:27   | Entered Level 27 of a ziggurat
111892 | Zig:27   | Noticed Quhydd the pandemonium lord
111894 | Zig:27   | Reached skill level 27 in Shields
111894 | Zig:27   | Killed Quhydd the pandemonium lord
111916 | Zig:27   | Reached skill level 27 in Dodging
111916 | Zig:27   | Reached skill level 1 in Stealth
112033 | Zig:27   | Found the +18 shield of the Gong {Loud rN+ Will+ rCorr
                  | EV-5}
112038 | Zig:27   | Identified the +4 long sword of Ximuiwiy {flame, rC+ rN+}
112045 | Zig:27   | Got Piofoel's Codex of Deathly Austromancy
112283 | Zig:1    | Entered Level 1 of a ziggurat
112306 | Zig:2    | Entered Level 2 of a ziggurat
112356 | Zig:3    | Entered Level 3 of a ziggurat
112358 | Zig:3    | Noticed an ancient lich
112359 | Zig:3    | Reached skill level 5 in Stealth
112360 | Zig:3    | Killed an ancient lich
112361 | Zig:3    | Noticed a dread lich
112363 | Zig:3    | Killed a dread lich
112405 | Zig:4    | Entered Level 4 of a ziggurat
112408 | Zig:4    | Noticed Arialool the pandemonium lord
112411 | Zig:4    | Killed Arialool the pandemonium lord
112433 | Zig:5    | Entered Level 5 of a ziggurat
112436 | Zig:5    | Found the +5 Storm Queen's Shield {shock, Fly rElec}
112439 | Zig:5    | Noticed Hamnigy the pandemonium lord
112441 | Zig:5    | Killed Hamnigy the pandemonium lord
112458 | Zig:5    | Identified the +5 scimitar "Wadakup" {flame, Fly Int+3}
112477 | Zig:6    | Entered Level 6 of a ziggurat
112517 | Zig:7    | Entered Level 7 of a ziggurat
112529 | Zig:7    | HP: 6/249 [iron giant/crystal echidna (14)]
112530 | Zig:7    | Hit by an iron giant thrown by iron giant

Illustrated notes

Levels and vault maps discovered:
D:1:      tekkud_arrival_beachfront_property, layout_loops_ring,
          chequers_ecumenical_altar_simple
D:2:      cheibrodos_old_hovel, layout_rooms, serial_shops, nicolae_square_shop
D:3:      layout_rooms
D:4:      layout_basic, bloody_trog, lemuel_crystal_altar, lemuel_round_altar
D:5:      layout_loops_cross, minmay_temple_entry_nine_rooms,
          hellmonk_ghost_happy_afterlife, minivault_19, dk_noncrumbling_2,
          minmay_misc_feat_iff, uniq_eustachio
D:6:      layout_basic, chequers_ossuary_entry_cave, minmay_misc_feat_square,
          grunt_potential, uniq_blork_the_orc, uniq_prince_ribbit1
D:7:      layout_basic, kennysheep_crisscross, due_unseen_surprise
D:8:      erik_cavepeople, layout_loops_ring, eat_drink_and_be_merry_uskayaw,
          uniq_maggie
D:9:      layout_gridville, mainiacjoe_overflow_paths,
          mainiacjoe_overflow_catwalk, grunt_temple_overflow_open,
          lair_entry_dummy, david_orc_5, gammafunk_ghost_smash,
          palyth_stone_intersect
D:10:     layout_basic, serial_corexii_hall, chequers_hall_statues_y,
          corexii_hall_statues_i, kennysheep_generic_room_5, uniq_maurice
D:11:     layout_loops_ring, lightli_orcish_oven
D:12:     layout_basic, portal_ice_cave_entry_pillars_1, uniq_sonja, uniq_nessos
D:13:     layout_basic
D:14:     layout_loops_ring, grunt_vaults_entry_tiered, serial_bayou_lagoon_a,
          uniq_rupert
D:15:     gammafunk_depths_entry_grave, layout_stronghold,
          good_gods_mini_temple, uniq_roxanne
Temple:   nicolae_temple_figure_eight
Lair:1:   layout_cave_shapes, grunt_megastairs_4, uniq_joseph
Lair:2:   layout_regular_city, cheibrodos_lair_caveside_slide
Lair:3:   layout_regular_city, nicolae_shoals_entry_flooding,
          spider_nest_entry_funnel_web, gammafunk_ghost_hive, wad_woods_road_05
Lair:4:   layout_regular_city, minmay_slime_entry_eyes, grunt_megastairs_3
Lair:5:   evilmike_catoblepas_cave, layout_loops_ring, grunt_megastairs_2,
          lemuel_fruit_tree, lemuel_fruit_fields
Shoals:1: layout_shoals
Shoals:2: layout_shoals, gammafunk_ghost_necromancy
Shoals:3: layout_shoals, serial_shops, nicolae_shop_competitors_out_of_business,
          shop, nicolae_diamond_shop, shop_scrolls
Shoals:4: shoals_end_hellmonk_lost_city, uniq_polyphemus
Spider:1: layout_spider_delve, hangedman_spider_tarantella_strand
Spider:2: layout_spider_delve, uniq_kirke
Spider:3: layout_chambers
Spider:4: guppyfry_spider_rune
Slime:1:  nicolae_slime_infinislime, layout_caves
Slime:2:  layout_caves
Slime:3:  layout_caves
Slime:4:  cheibrodos_slime_lost_civilization_1, layout_caves,
          nicolae_slime_crime_time
Slime:5
Orc:1:    emtedronai_trogs_sanctum, layout_caves, serial_shops,
          nicolae_orc_lava_room
Orc:2:    st_orc_open, layout_diamond_mine, serial_shops, nicolae_shop_crystal,
          mines5_lemuel, uniq_josephine, uniq_saint_roka, uniq_jorgrun
Elf:1:    eino_elf_arrival_customs, layout_gridlike, mu_enter_wizlab_5,
          serial_shops, nicolae_shop_trees, minmay_elf_annihilation,
          grunt_ministairs_6
Elf:2:    elven_hall_of_blades_hangedman_original
          [nicolae_blade_entry_sentries_behind_glass], layout_loops_corners,
          portal_desolation_entry_nicolae_slug, eino_tiny_chamber, minivault_13
Elf:3:    minmay_elf_hall_not_hex, layout_loops_corners, serial_shops, shop,
          due_unseen_surprise, uniq_donald
Vaults:1: v_misc_31, ontoclasm_vaults_ring_small, nicolae_vaults_arrows,
          vaults_mumra_minichess, v_misc_14, layout_vaults_omnigrid,
          serial_shops, nicolae_shop_hallway_stairs
Vaults:2: v_pattern_2, hangedman_vaults_corner,
          ontoclasm_vaults_decontamination, hangedman_vaults_stitches,
          vaults_room_pool, blue_anna_dwarven_crypt,
          nicolae_vaults_network_periphery, hangedman_vaults_trim,
          vaults_room_door_hall, vaults_room_stairs_pillars,
          layout_vaults_chaotic_city, uniq_sojobo, uniq_bai_suzhen
Vaults:3: v_misc_32, ontoclasm_vaults_hangar, vaults_standard_mumra_x,
          v_alt_pattern_6, vaults_mumra_hex, v_misc_29,
          nicolae_vaults_network_star, nicolae_vaults_little_squares_2,
          nicolae_vaults_rhombus_7, vaults_dpeg_ring,
          nicolae_vaults_angled_halls, vaults_room_stairs_pillars,
          ontoclasm_vaults_fault, layout_vaults_ring
Vaults:4: not_door_vault_due, nicolae_vaults_network_s,
          nicolae_vaults_gold_heap, nicolae_vaults_inception_corners,
          ontoclasm_vaults_tryst, nicolae_vaults_three_branches,
          vaults_room_large_hall, hangedman_vaults_trim, vaults_dpeg_diagonal,
          dpeg_vaults_monster_row, nicolae_vaults_network_quinsquares
          [nicolae_vaults_network_quincunx_subvault,
          nicolae_vaults_network_quincunx_subvault,
          nicolae_vaults_network_quincunx_subvault,
          nicolae_vaults_network_quincunx_subvault], ontoclasm_vaults_pinch,
          nicolae_vaults_hallways_thing, layout_vaults_maze,
          trove_entry_hex_spiral, uniq_xtahua
Vaults:5: uniq_mara
Crypt:1:  layout_gridlike, serial_glass, glass_columns_a, glass_columns_a,
          minmay_misc_feat_ornament, grunt_crypt_arrival_split
Crypt:2:  layout_gridlike, hangedman_feature_mirror, nicolae_crypt_stairs_room,
          hex_medium, grunt_megastairs_1
Crypt:3:  lightli_unholy_cathedral, layout_chaotic_city, st_chilly_death
Tomb:1
Tomb:2
Tomb:3
Depths:1: layout_basic, pan_entry, pf_hell_entry_tar_river,
          hangedman_abyss_entry_splay, serial_shops, shop,
          nicolae_take_the_stairs, nicolae_shop_advertising_works
          [nicolae_subvault_shop_adworks], zin_angel
Depths:2: minmay_sliced_demisemicircle, layout_cross, hell_entry,
          hangedman_abyss_or_decor_clamps, abyss_entry, pan_entry,
          infiniplex_staircase_squiggle, minmay_shop_grove
Depths:3: gold_lair_mu, layout_gridlike, abyss_entry, hell_entry,
          kennysheep_path_1, argonaut_fire_from_heaven, uniq_margery
Depths:4: lemuel_castle_with_subvaults [lemuel_castle_interior_original],
          layout_twisted_cross, enter_ziggurat_e, minmay_room_of_horrors,
          grunt_hell_entry_dis_grunt, minmay_shop_star,
          roderic_lattice_octagonal_star
Zot:1:    layout_cellular_growth, hangedman_spider_trapstep, uniq_parghit
Zot:2:    layout_gridlike
Zot:3:    evilmike_crystal_ball_defense, layout_concentric_octagons, st_stairs_4
Zot:4:    hangedman_snap_crack_crunch, layout_cathedral_of_symmetry
Zot:5:    layout_twisted_circle
Zig:7

Skill      XL: |  1  2  3  4  5  6  7  8  9 10 11 12 13 14 15 16 17 18 19 20 21 22 23 24 25 26 27 |
---------------+----------------------------------------------------------------------------------+-----
Dodging        | 2 3 4 5 6 7 9 11 27 | 27.0
Ranged Weapons | 4 5 6 7 |  7.2
Fighting       | 3 4 5 7 8 10 11 27 | 27.0
Spellcasting   | 1 5 8 10 11 12 14 17 18 27 | 27.0
Earth Magic    | 1 5 8 10 11 12 18 | 18.0
Evocations     | 2 8 11 14 | 14.0
Conjurations   | 3 7 8 11 13 15 16 17 18 20 21 22 27 | 27.0
Necromancy     | 6 11 27 | 27.0
Fire Magic     | 10 11 14 15 16 17 18 | 18.0
Shields        | 1 5 27 | 27.0
Air Magic      | 5 10 16 18 | 18.0
Transmutations | 11 16 | 16.0
Armour         | 27 | 27.0
Throwing       | 10 | 10.0
Staves         | 12 | 12.0
Stealth        | 9 |  9.0

Action                     |  1- 3 |  4- 6 |  7- 9 | 10-12 | 13-15 | 16-18 | 19-21 | 22-24 | 25-27 || total
---------------------------+-------+-------+-------+-------+-------+-------+-------+-------+-------++-------
  Melee: Shortbow          |       |       |       |     7 |       |       |       |       |       ||     7
         Tailslap          |       |       |       |     2 |     1 |     3 |     3 |       |     8 ||    17
         Staff             |       |       |       |       |     4 |    11 |     8 |     2 |    25 ||    50
   Fire: Shortbow          |   117 |   157 |   461 |   258 |       |       |       |       |       ||   993
         Longbow           |       |       |       |     2 |    30 |       |       |       |       ||    32
   Cast: Sandblast         |       |       |       |   104 |    18 |       |       |       |       ||   122
         Lee's Rapid Decon |       |       |       |   206 |   269 |    36 |       |       |       ||   511
         Borgnjor's Vile C |       |       |       |       |   129 |   181 |    13 |     6 |     1 ||   330
         Iron Shot         |       |       |       |       |    69 |   319 |   240 |   239 |    59 ||   926
         Fireball          |       |       |       |       |       |   143 |    13 |       |       ||   156
         Ignition          |       |       |       |       |       |     2 |    29 |    40 |   132 ||   203
         Fire Storm        |       |       |       |       |       |       |       |   168 |  1947 ||  2115
         Blink             |       |       |       |       |       |       |       |     1 |       ||     1
         Chain Lightning   |       |       |       |       |       |       |       |       |   360 ||   360
         Lehudib's Crystal |       |       |       |       |       |       |       |       |   205 ||   205
         Necromutation     |       |       |       |       |       |       |       |       |   119 ||   119
Ability: Evoke Blink       |       |       |       |       |       |       |       |     1 |       ||     1
         End Transformatio |       |       |       |       |       |       |       |       |     5 ||     5
  Evoke: Wand              |       |       |     5 |     1 |       |       |       |       |     2 ||     8
         Figurine of a zig |       |       |       |       |       |       |       |       |     2 ||     2
    Use: Scroll            |       |    10 |    11 |    12 |     7 |     6 |    10 |     6 |    20 ||    82
         Potion            |       |       |     6 |     2 |     4 |     9 |     2 |     7 |    55 ||    85
 Armour: Leather armour    |    11 |    21 |    84 |    39 |       |       |       |       |       ||   155
         Robe              |       |       |       |    10 |    43 |    60 |     4 |    20 |     1 ||   138
         Troll leather arm |       |       |       |       |       |       |       |       |   180 ||   180
  Dodge: Dodged            |    43 |    47 |   267 |   209 |   164 |   310 |    71 |    60 |   358 ||  1529
  Block: Other             |       |       |       |       |       |    17 |       |       |       ||    17
         Reflection        |       |       |       |       |       |     3 |    15 |     8 |    26 ||    52
         Buckler           |       |       |       |       |       |     1 |    43 |    44 |   190 ||   278
         Kite shield       |       |       |       |       |       |       |       |       |   195 ||   195

Table legend: (Time is in decaauts)
 A = Elapsed time spent in this place.
 B = Non-inter-level travel time spent in this place.
 C = Inter-level travel time spent in this place.
 D = Time resting spent in this place.
 E = Time spent auto-exploring this place.
 F = Levels seen in this place.
 G = Mean time per level.
                   A        B        C        D        E       F      G
               +--------+--------+--------+--------+--------+-----+--------+
         Total | 113650 | 104117 |   9533 |    342 |  85239 | 146 |  778.4 |
       Dungeon |  23448 |  20050 |   3398 |    178 |  16990 |  15 | 1563.2 |
        Temple |    230 |    210 |     20 |      0 |    189 |   1 |  230.0 |
          Lair |   7991 |   7025 |    966 |      0 |   6157 |   5 | 1598.2 |
        Shoals |   4214 |   4003 |    211 |      0 |   3383 |   4 | 1053.5 |
   Spider Nest |   7702 |   7122 |    580 |      0 |   6273 |   4 | 1925.5 |
    Slime Pits |   2610 |   2169 |    441 |      0 |   1857 |   5 |  522.0 |
  Orcish Mines |   3510 |   3039 |    471 |      0 |   2376 |   2 | 1755.0 |
   Elven Halls |   4194 |   3984 |    210 |      0 |   3231 |   3 | 1398.0 |
        Vaults |  11737 |  10260 |   1477 |    118 |   8778 |   5 | 2347.4 |
         Crypt |   3534 |   3188 |    346 |      0 |   2675 |   3 | 1178.0 |
          Tomb |   3089 |   2552 |    537 |     29 |   1967 |   3 | 1029.7 |
        Depths |   5411 |   4736 |    675 |      0 |   3994 |   4 | 1352.8 |
           Zot |   5109 |   4913 |    196 |      0 |   4290 |   5 | 1021.8 |
         Abyss |   1733 |   1733 |      0 |      0 |   1194 |   4 |  433.2 |
   Pandemonium |  19931 |  19931 |      0 |     17 |  16356 |  18 | 1107.3 |
      Ziggurat |   6997 |   6997 |      0 |      0 |   4022 |  61 |  114.7 |
         Trove |     95 |     95 |      0 |      0 |     76 |   1 |   95.0 |
       Ossuary |    364 |    364 |      0 |      0 |    235 |   1 |  364.0 |
        Wizlab |    926 |    926 |      0 |      0 |    569 |   1 |  926.0 |
    Desolation |    817 |    817 |      0 |      0 |    623 |   1 |  817.0 |
               +--------+--------+--------+--------+--------+-----+--------+

Top non-repeatable levels by time:
     D:9: 4090 daAuts
Vaults:1: 3623 daAuts
Spider:3: 3534 daAuts
     D:5: 3128 daAuts
Vaults:4: 2865 daAuts
  Lair:4: 2788 daAuts
   Orc:1: 2404 daAuts
Vaults:2: 2287 daAuts
Depths:4: 1794 daAuts
     D:8: 1764 daAuts
Vaults:3: 1753 daAuts
     D:6: 1728 daAuts
  Lair:3: 1682 daAuts
  Tomb:1: 1670 daAuts
   Elf:3: 1609 daAuts
